 Dungeon Crawl Stone Soup version 0.32-a0-891-gc41d803 (webtiles) character file.

Game seed: 15557365512077988948

17460958 Wizard1ke the Dwarven Cataclysm (level 27, 273/273 HPs)
             Began as a Mountain Dwarf Shapeshifter on Apr 2, 2024.
             Was a High Priest of Qazlal.
             Escaped with the Orb
             ... and 15 runes on Apr 3, 2024!
             The game lasted 03:40:34 (88569 turns).

Wizard1ke the Dwarven Cataclysm (MDSh)             Turns: 88569, Time: 03:40:34

Health: 273/273    AC: 54    Str: 30    XL:     27
Magic:  40/40      EV: 20    Int: 13    God:    Qazlal [*****.]
Gold:   4937       SH: 39    Dex: 13    Spells: 9/30 levels left

rFire   + +          +
                       - Unarmed
rCold   + . .        G - +8 tower shield {AC+3}
rNeg    + + +        Q - +8 gold dragon scales
rPois   ∞            j - +2 helmet {Int+3}
rElec   +            E - +2 cloak of Tilups {rF+ rC+ Str-3}
rCorr   .            y - +2 pair of gloves of Suefroom {Rampage rPois Str+3 Dex+2}
SInv    .            r - +2 pair of boots of the Beekeeper {*Corrode rF++ rN++}
Will    +++..        f - amulet of Vitality {Regen++ RegenMP++} Stlth
                     c - ring of the Hare {EV+10}
HPRegen 2.25/turn    C - ring of the Scarab {Fire rElec rPois Str+4 Int-2 Clar}
MPRegen 1.07/turn

%: corrode self (3%), repel missiles, clarity, rampage
@: death-form, studying 3 skills
A: vile attack, torment immunity, no potions, runic magic, artefact enchanting,
dopey 1, inhibited regeneration, cold vulnerability 1, subdued magic 1,
inability to drink after injury 1
0: Orb of Zot
}: 15/15 runes: decaying, serpentine, slimy, silver, golden, iron, obsidian,
icy, bone, abyssal, demonic, glowing, magical, fiery, dark
a: Siphon Essence, Begin Untransformation, Renounce Religion, Upheaval,
Elemental Force, Disaster Area


You escaped.
You worshipped Qazlal.
Qazlal was extremely pleased with you.
You were an undying horror.
You visited 18 branches of the dungeon, and saw 88 of its levels.
You visited Pandemonium 2 times, and saw 21 of its levels.
You visited the Abyss 2 times.
You also visited: Bailey, Ice Cave and Wizlab.

You collected 15736 gold pieces.
You spent 10799 gold pieces at shops.

Inventory:

Missiles
 I - 4 throwing nets
Armour
 j - a +2 helmet of intelligence (worn)
 r - the +2 pair of boots of the Beekeeper (worn) {*Corrode rF++ rN++}
   (You bought it in a shop on level 2 of the Orcish Mines)

   rF++:      It greatly protects you from fire.
   rN++:      It greatly protects you from negative energy.
   *Corrode:  It may corrode you when you take damage.
 v - a +1 helmet of see invisible
 y - the +2 pair of gloves of Suefroom (worn) {Rampage rPois Str+3 Dex+2}
   (You found it on level 5 of the Vaults)

   Str+3:     It affects your strength (+3).
   Dex+2:     It affects your dexterity (+2).
   rPois:     It protects you from poison.
   Rampage:   It bestows one free step when moving towards enemies.
 E - the +2 cloak of Tilups (worn) {rF+ rC+ Str-3}
   (You bought it in a shop on level 7 of the Dungeon)

   Str-3:     It affects your strength (-3).
   rF+:       It protects you from fire.
   rC+:       It protects you from cold.
 G - a +8 tower shield of protection (worn)
 Q - +8 gold dragon scales (worn)
Jewellery
 a - a ring of protection from cold
 c - the ring of the Hare (left hand) {EV+10}
   (You found it on level 5 of the Lair of Beasts)

   [ring of evasion]

   EV+10:     It affects your evasion (+10).
 f - the amulet of Vitality (around neck) {Regen++ RegenMP++}
   (You bought it in a shop on level 4 of the Snake Pit)

   [amulet of nothing]

   Regen++:   It increases your rate of health regeneration.
   RegenMP++: It increases your rate of magic regeneration.
 u - the ring of Uphaxkid {rCorr Dex+5}
   (You acquired it in Pandemonium)

   [ring of resist corrosion]

   Dex+5:     It affects your dexterity (+5).
   rCorr:     It protects you from acid and corrosion.
 w - the ring of Hucotwon {rF+ Will+ rCorr MP+9 Dex+4}
   (You took it off a frost giant on level 7 of Cocytus)

   [ring of willpower]

   Dex+4:     It affects your dexterity (+4).
   rF+:       It protects you from fire.
   Will+:     It increases your willpower.
   MP+9:      It affects your magic capacity (+9).
   rCorr:     It protects you from acid and corrosion.
 C - the ring of the Scarab (right hand) {Fire rElec rPois Str+4 Int-2 Clar}
   (You bought it in a shop on level 2 of the Elven Halls)

   [ring of fire]

   Fire:      It enhances your fire magic.
   Str+4:     It affects your strength (+4).
   Int-2:     It affects your intelligence (-2).
   rF+:       It protects you from fire.
   rC-:       It makes you vulnerable to cold.
   rElec:     It insulates you from electricity.
   rPois:     It protects you from poison.
   Clar:      It protects you from confusion, rage, mesmerisation and fear.
 R - a ring of flight
 V - the amulet of Xom's Bemusement {Faith rF++ Regen+ Int-2 Slay+3}
   (You found it in Pandemonium)

   [amulet of faith]

   Faith:     It allows you to gain divine favour quickly.
   Int-2:     It affects your intelligence (-2).
   Slay+3:    It affects your accuracy & damage with ranged weapons and melee
   (+3).
   rF++:      It greatly protects you from fire.
   Regen+:    It increases your rate of health regeneration.
Talismans
 x - a granite talisman
 U - a talisman of death (active)
Wands
 b - a wand of acid (73)
 g - a wand of warping (75)
 o - a wand of charming (104)
 H - a wand of mindburst (67)
 X - a wand of digging (25)
Scrolls
 h - 12 scrolls of revelation
 l - 16 scrolls of fog
 m - 8 scrolls of silence {!r}
 n - 9 scrolls of immolation
 p - 16 scrolls of teleportation
 q - 8 scrolls of butterflies
 s - 13 scrolls of blinking
 z - 15 scrolls of vulnerability
 A - 7 scrolls of poison
 K - 2 scrolls of amnesia
 P - 9 scrolls of fear
Potions
 e - 7 potions of enlightenment
 i - 7 potions of invisibility
 t - 3 potions of cancellation
 B - 4 potions of ambrosia
 D - 7 potions of might
 J - 37 potions of curing
 L - 15 potions of heal wounds
 M - 2 potions of brilliance
 N - a potion of magic
 O - 3 potions of berserk rage {!q}
 S - 2 potions of resistance
 W - 5 potions of lignification
 Y - 7 potions of haste
 Z - 7 potions of attraction
Miscellaneous
 d - a sack of spiders
 k - a Gell's gravitambourine (2/2)
 F - a figurine of a ziggurat
 T - a condenser vane


   Skills:
 O Level 27 Fighting
 O Level 27 Armour
 + Level 7.2 Dodging
 O Level 27 Shields
 O Level 27 Unarmed Combat
 - Level 2.2 Spellcasting
 - Level 23.0 Translocations
 O Level 27 Invocations
 - Level 10.0 Evocations
 - Level 23.0 Shapeshifting


You had 9 spell levels left.
You knew the following spells:

 Your Spells              Type           Power      Damage    Failure   Level
a - Manifold Assault      Tloc           23%        N/A       1%          7
b - Apportation           Tloc           94%        N/A       0%          1
c - Maxwell's Portable P  Tloc           47%        2d(9-27)  0%          3
d - Dispersal             Tloc           23%        N/A       1%          6
e - Vhi's Electric Charg  Tloc/Air       48%        N/A       2%          4

Your spell library contained the following spells:

 Spells                   Type           Power      Damage    Failure   Level
 Lesser Beckoning         Tloc           94%        N/A       0%          2
 Teleport Other           Tloc           47%        N/A       0%          3
 Passage of Golubria      Tloc           47%        N/A       0%          4
 Momentum Strike          Conj/Tloc      48%        3d9       1%          2
 Volatile Blastmotes      Fire/Tloc      72%        2d16      1%          3
 Gell's Gavotte           Tloc           23%        2d(22-32) 1%          6
 Dimensional Bullseye     Hex/Tloc       12%        N/A       2%          4
 Iskenderun's Mystic Bla Conj/Tloc 24%            2d7        (+2d3     2%          4
 Summon Forest            Summ/Tloc      12%        N/A       8%          5
 Disjunction              Tloc           23%        N/A       17%         8
 Foxfire                  Conj/Fire      4%         2x1d4     32%         1
 Freeze                   Ice            4%         1d3       32%         1
 Kiss of Death            Conj/Necr      4%         2d5       32%         1
 Necrotise                Necr           4%         1d4       32%         1
 Sandblast                Erth           2%         2d4       32%         1
 Shock                    Conj/Air       4%         1d3       32%         1
 Sting                    Conj/Alch      4%         1d3       32%         1
 Summon Small Mammal      Summ           4%         N/A       32%         1
 Call Imp                 Summ           2%         N/A       45%         2
 Cigotuvi's Dreadful Rot  Necr/Alch/Air  2%         N/A       45%         2
 Ensorcelled Hibernation  Hex/Ice        2%         N/A       45%         2
 Jinxbite                 Hex            2%         N/A       45%         2
 Mercury Vapours          Alch/Air       2%         N/A       45%         2
 Scorch                   Fire           2%         2d5       45%         2
 Static Discharge         Conj/Air       2%         3-4/arc   45%         2
 Sublimation of Blood     Necr           1%         N/A       45%         2
 Call Canine Familiar     Summ           1%         N/A       71%         3
 Dazzling Flash           Conj/Hex       2%         N/A       71%         3
 Frozen Ramparts          Ice            2%         1d1       71%         3
 Fugue of the Fallen      Necr           1%         N/A       71%         3
 Hailstorm                Conj/Ice       1%         3d5       71%         3
 Inner Flame              Hex/Fire       1%         N/A       71%         3
 Mephitic Cloud           Conj/Alch/Air  1%         N/A       71%         3
 Ozocubu's Armour         Ice            1%         N/A       71%         3
 Passwall                 Erth           1%         N/A       71%         3
 Sigil of Binding         Hex            1%         N/A       71%         3
 Stone Arrow              Conj/Erth      2%         3d7       71%         3
 Summon Ice Beast         Ice/Summ       1%         N/A       71%         3
 Swiftness                Air            1%         N/A       71%         3
 Tukima's Dance           Hex            1%         N/A       71%         3
 Vampiric Draining        Necr           1%         2d6       71%         3
 Malign Gateway           Summ/Tloc      12%        N/A       95%         7
 Airstrike                Air            0%         2d(1-17)  98%         4
 Anguish                  Hex/Necr       0%         N/A       98%         4
 Brom's Barrelling Bould  Conj/Erth      1%         2d3       98%         4
 Cause Fear               Hex            0%         N/A       98%         4
 Dispel Undead            Necr           1%         3d6       98%         4
 Flame Wave               Conj/Fire      1%         2d4       98%         4
 Ignite Poison            Fire/Alch      1%         N/A       98%         4
 Leda's Liquefaction      Alch/Erth      0%         N/A       98%         4
 Martyr's Knell           Necr/Summ      1%         N/A       98%         4
 Olgreb's Toxic Radiance  Alch           1%         N/A       98%         4
 Petrify                  Alch/Erth      1%         N/A       98%         4
 Sticky Flame             Fire/Alch      1%         2d4       98%         4
 Summon Blazeheart Golem  Fire/Summ      1%         N/A       98%         4
 Summon Lightning Spire   Summ/Air       1%         N/A       98%         4
 Alistair's Intoxication  Alch           0%         N/A       100%        5
 Arcjolt                  Conj/Air       0%         1d10      100%        5
 Borgnjor's Vile Clutch   Necr/Erth      0%         N/A       100%        5
 Curse of Agony           Necr           1%         N/A       100%        5
 Fireball                 Conj/Fire      0%         3d3       100%        5
 Freezing Cloud           Conj/Ice/Air   0%         6-21      100%        5
 Irradiate                Conj/Alch      0%         3d11      100%        5
 Iskenderun's Battlesphe  Conj           1%         2d6       100%        5
 Lee's Rapid Deconstruct  Erth           0%         3d4*      100%        5
 Metabolic Englaciation   Hex/Ice        0%         N/A       100%        5
 Silence                  Hex/Air        0%         N/A       100%        5
 Summon Mana Viper        Hex/Summ       1%         N/A       100%        5
 Yara's Violent Unravell  Hex/Alch       0%         3d3       100%        5
 Bombard                  Conj/Erth      0%         9d1       100%        6
 Conjure Ball Lightning   Conj/Air       0%         3x3d6     100%        6
 Death Channel            Necr           0%         N/A       100%        6
 Eringya's Noxious Bog    Alch           0%         4d6       100%        6
 Permafrost Eruption      Ice/Erth       0%         2x4d1     100%        6
 Plasma Beam              Fire/Air       0%         2x1d10    100%        6
 Sculpt Simulacrum        Ice/Alch       0%         N/A       100%        6
 Starburst                Conj/Fire      0%         6d3       100%        6
 Summon Cactus Giant      Summ           0%         N/A       100%        6
 Enfeeble                 Hex            0%         N/A       100%        7
 Haunt                    Necr/Summ      0%         N/A       100%        7
 Monstrous Menagerie      Summ           0%         N/A       100%        7
 Orb of Destruction       Conj           0%         9d5       100%        7
 Ozocubu's Refrigeration  Ice            0%         4d7       100%        7
 Spellforged Servitor     Conj/Summ      0%         N/A       100%        7
 Summon Hydra             Summ           0%         N/A       100%        7
 Discord                  Hex            0%         N/A       100%        8
 Ignition                 Fire           0%         3d3       100%        8
 Lehudib's Crystal Spear  Conj/Erth      0%         10d2      100%        8
 Maxwell's Capacitive Co  Air            0%         ∞         100%        8
 Summon Horrible Things   Summ           0%         N/A       100%        8
 Death's Door             Necr           0%         N/A       100%        9


Dungeon Overview and Level Annotations

Branches:
Dungeon (15/15)            Temple (1/1) D:5            Lair (5/5) D:10
  Swamp (4/4) Lair:3        Snake (4/4) Lair:2        Slime (5/5) Lair:5
    Orc (2/2) D:9             Elf (3/3) Orc:2        Vaults (5/5) D:14
  Crypt (3/3) Vaults:2       Tomb (3/3) Crypt:3      Depths (4/4) D:15
   Hell (visited)             Dis (7/7) Hell            Geh (7/7) Hell
    Coc (7/7) Hell            Tar (7/7) Hell            Zot (5/5) Depths:4
 Bailey (visited)           IceCv (visited)          WizLab (visited)

Altars:
Ashenzari
Cheibriados
Dithmenos
Elyvilon
Fedhas
Gozag
Hepliaklqana
Kikubaaqudgha
Makhleb
Nemelex Xobeh
Okawaru
Qazlal
Ru
Sif Muna
Trog
Uskayaw
Vehumet
Wu Jian
Xom
Yredelemnul
Zin
The Shining One
Beogh
Lugonu

Shops:
D:6 (   D:7 [   D:13 (   D:14 **([:   Orc:2 ??[!(==   Elf:2 =   Snake:3 *[
Snake:4 [=[*   Vaults:1 [   Vaults:3 :   Vaults:4 [=::*   Vaults:5 =
Depths:1 ?:   Depths:3 :=:

Portals:
Hell: Depths:1 Depths:2 Depths:3 Depths:4
Abyss: Tar:5 Depths:2 Depths:3 Depths:4
Pandemonium: Depths:2
Ziggurat: Depths:2
Trove: D:11 (give 15 scrolls of teleportation)

Annotations:
D:4 1 runed translucent door, exclusion: door, Crazy Yiuf
D:6 2 transporters
Swamp:3 Roxanne
Elf:2 4 runed translucent doors
Vaults:3 3 runed translucent doors, exclusion: 3 doors, Draconius's ghost, adept GrEE; Izusibb's ghost, veteran DjCj; Vuferghebb's ghost, adept CoFi
Vaults:5 !vaults warning
Coc:7 exclusion: ice statue
Zot:4 5 transporters
Zot:5 2 transporters, 1 exclusion, Cigeacw's ghost, veteran MiFi


Innate Abilities, Weirdness & Mutations

You are an undying horror.
Your melee and unarmed attacks drain, slow and weaken victims.
You are immune to unholy pain and torment.
You cannot drink.
You are immune to poison.
Your spellcasting is much less encumbered by armour.
You can use scrolls of enchantment on lesser artefacts.
You are dopey. (Int -2)
You do not regenerate when monsters are visible.
You are vulnerable to cold. (rC-)
Your spells are a little easier to cast, but a little less powerful.
You occasionally lose the ability to drink potions when taking damage.


Message History

(H) Hell (I) Dis (G) Gehenna (X) Cocytus (Y) Tartarus (Z) Zot
Where to? (Tab/Enter - D:1 @ (x,y), ? - help)
There is a stone staircase leading up here.
You climb upwards.
Level annotation: 1 runed translucent door, exclusion: door, Crazy Yiuf
There is a stone staircase leading down here.
Magic restored.
You see here a hobgoblin skeleton.
There is a stone staircase leading up here.
You climb upwards.
There is a stone staircase leading down here.
There is a stone staircase leading up, spattered with blood here.
You climb upwards.
There is a stone staircase leading down, spattered with blood here.
There is a stone staircase leading up here.
You climb upwards.
There is a stone staircase leading down here.
An Orb Guardian comes into view.
You barely miss the Orb Guardian. You hit the Orb Guardian.
The Orb Guardian decays.
The Orb Guardian is lightly wounded.
You punch the Orb Guardian!
The Orb Guardian decays.
You drain the Orb Guardian.
The Orb Guardian is moderately wounded.
You block the Orb Guardian's attack.
You pummel the Orb Guardian!!
The Orb Guardian decays.
The Orb Guardian is heavily wounded.
You pound the Orb Guardian into fine dust!!!
You kill the Orb Guardian!
Qazlal accepts your kill.
(D) Dungeon (T) Temple (L) Lair (S) Swamp (P) Snake Pit (M) Slime Pits (O) Orcish Mines (E) Elven Halls (V) Vaults (C) Crypt (W) Tomb (U) Depths (H) Hell (I) Dis (G) Gehenna (X) Cocytus (Y) Tartarus (Z) Zot
Where to? (Tab/Enter - D:1 @ (x,y), ? - help)
You see here a +0 dagger.
There is a staircase leading out of the dungeon here.
You have escaped!

##...# ###.###....#.##..... #
##..### #...........)....# ##
#..## ########'#########
.###.########### ###...###
...............# ###.......###
..##.#############...........##
#....# #..##.....#'#.....###
#..#### #..#)°○.###~###.....#
......# #..#z)###.~≈~.###...#
#..##.### ###..#.##..~≈≈~≈..##...
#..##...###....###>~≈≈≈≈≈≈~≈>####
#...###........############### #
##.......###.#........#.#....# #
#....######..#####....#.####.# #
#.#..# #.## ####.#.# #.####
#.#..# #.# #.#.# #...## ..#..#
#.# #.#.# ###...


There were no monsters in sight!

Vanquished Creatures
  Cerebov (Pan)
  Antaeus (Coc:7)
  the Royal Jelly (Slime:5)
  Gloorx Vloq (Pan)
  Asmodeus (Geh:7)
  Ereshkigal (Tar:7)
  Mnoleg (Pan)
  4 dread liches
  Dispater (Dis:7)
  the Serpent of Hell (Geh:7)
  7 ancient liches
  6 orbs of fire (Zot:5)
  Mara (Swamp:4)
  4 juggernauts
  Mennas (Vaults:3)
  8 pandemonium lords
  17 royal mummies
  Sojobo (Vaults:3)
  Bai Suzhen (Vaults:3)
  Saint Roka (Vaults:2)
  12 shard shrikes
  8 Killer Klowns (Zot:5)
  The ghost of Bunoc the Executioner, a veteran FoFi of Dithmenos (Crypt:3)
  3 curse toes
  8 caustic shrikes
  18 golden dragons
  Geryon (Hell)
  Jory (Vaults:5)
  25 profane servitors
  18 Brimstone Fiends
  28 bone dragons
  3 electric golems (Zot:5)
  6 iron giants
  22 Tzitzimimeh
  A spectral shard shrike (Tar:4)
  11 hellephants
  11 doom hounds
  17 tentacled monstrosities
  Zenata (Elf:1)
  16 Hell Sentinels
  25 Ice Fiends
  Grunn (Depths:4)
  29 Orb Guardians
  20 tainted leviathans
  12 titans
  2 walking earthen tomes
  10 liches
  20 searing wretches
  2 walking frostbound tomes (Pan)
  23 acid blobs
  3 deep elf blademasters (Elf:3)
  12 quicksilver dragons
  2 deep elf master archers (Elf:3)
  5 death cobs
  13 sphinxes
  24 Executioners
  An eldritch tentacle (Zot:5)
  38 ancient champions
  A thorn hunter (Swamp:4)
  2 tentacled starspawn (Abyss:3)
  4 revenants
  7 shadow dragons
  16 storm dragons
  2 fenstrider witches (Pan)
  11 tengu reavers
  9 protean progenitors
  The ghost of Roxkas the Thaumaturge, an adept DsMo of Hepliaklqana (Swamp:4)
  24 azure jellies
  3 draconian knights (Zot:2)
  14 narguns
  10 demonspawn warmongers (Pan)
  3 draconian monks
  25 fire giants
  3 draconian shifters
  5 shard shrike simulacra
  9 rockslimes
  6 quicksilver elementals
  7 deep elf sorcerers
  20 vault wardens
  2 spectral juggernauts
  2 spectral caustic shrikes
  17 frost giants
  48 balrugs
  2 draconian scorchers
  A ghost moth (Zot:2)
  3 deep elf elementalists (Elf:3)
  23 ironbound preservers
  12 iron dragons
  3 draconian stormcallers
  6 ghouls
  An angel (Abyss:3)
  29 reapers
  5 curse skulls
  24 cacodemons
  2 orc warlords
  3 spriggan defenders
  4 draconian annihilators
  6 caustic shrike skeletons
  6 ironbound thunderhulks
  12 demonspawn blood saints (Pan)
  17 stone giants
  4 juggernaut skeletons (Pan)
  10 formless jellyfish
  13 demonspawn corrupters (Pan)
  15 quicksilver oozes
  7 green draconians
  28 putrid mouths
  17 demonspawn black suns (Pan)
  3 deep elf demonologists
  14 very ugly things
  22 elemental wellsprings
  4 black draconians
  13 lorocyprocas
  9 deep elf annihilators
  13 white draconians
  8 deep elf death magi
  22 wendigos
  12 vampire knights
  7 dire elephants
  5 eleionomae
  6 red draconians
  4 yellow draconians
  6 purple draconians
  4 bennus (Tomb:2)
  16 war gargoyles
  A bunyip (Swamp:4)
  A spectral quicksilver dragon (Tar:3)
  13 green deaths
  25 blizzard demons
  9 jiangshi
  14 ettins
  6 fire dragons
  2 quicksilver dragon zombies (D:15)
  2 shambling mangroves
  4 eidola
  A crystal guardian (Vaults:4)
  20 mummy priests
  14 iron golems
  3 spectral krakens (Tar:7)
  9 deep elf high priests
  2 entropy weavers (Vaults:3)
  12 yaktaur captains
  9 great orbs of eyes
  Erolcha (Orc:1)
  2 spriggan zombies
  4 rakshasas
  The ghost of AlexanderH the Destroyer, a journeyman DrEE of Vehumet (Lair:1)
  38 vault guards
  4 peacekeepers
  A sphinx zombie (Crypt:1)
  6 juggernaut simulacra
  10 alligators
  5 ogre magi
  4 hell beasts
  A spectral fenstrider witch (Swamp:4)
  4 catoblepae
  10 ice dragons
  20 hydras
  6 stokers
  A bennu zombie (Crypt:2)
  19 salamander tyrants
  3 ghost crabs
  3 boulder beetles
  7 caustic shrike simulacra
  A fenstrider witch skeleton (Crypt:3)
  4 ironbound frosthearts
  A merfolk aquamancer (Pan)
  9 two-headed ogres
  4 spriggan air magi
  8 centaur warriors
  A death knight (D:14)
  15 dancing weapons
  2 spriggan skeletons
  A two-headed ogre (shapeshifter) (Vaults:5)
  11 anacondas
  4 satyrs (Zot:2)
  16 death yaks
  6 tengu warriors
  14 deep troll earth magi
  12 deep troll shamans
  99 death scarabs
  44 hell hogs
  A spectral naga (Tar:2)
  Urug (D:10)
  14 naga warriors
  9 vampire magi
  7 shock serpents
  A spectral dire elephant (Tar:3)
  5 demonic crawlers (Pan)
  An occultist (Depths:1)
  2 orc high priests
  3 spriggan berserkers
  12 hell knights
  3 spectral emperor scorpions (Pan)
  15 naga sharpshooters
  10 shadow wraiths
  5 deep elf knights
  71 sun demons
  5 crystal echidnas
  11 sixfirhies
  A skyshark (shapeshifter) (Vaults:5)
  A spectral spriggan (Swamp:4)
  29 soul eaters
  68 deep trolls
  6 goliath frogs
  4 hellephant skeletons (Pan)
  10 iron trolls
  2 anaconda zombies
  10 mana vipers
  10 deep elf archers
  14 shadow demons (Pan)
  36 skeletal warriors
  2 spriggan druids
  3 quicksilver dragon simulacra
  8 glowing orange brains
  12 salamander mystics
  4 flayed ghosts
  9 sun moths (Pan)
  9 swamp dragons
  Lodul (D:12)
  A spectral iron dragon (Tar:7)
  An orb spider (shapeshifter) (Vaults:5)
  3 sea snakes (Snake:4)
  5 naga ritualists
  9 arcanists
  A mana viper (shapeshifter) (Vaults:5)
  5 bog bodies
  2 obsidian statues (IceCv)
  18 ironbound convokers
  13 spriggan simulacra
  10 lindwurms
  An orange crystal statue (Elf:1)
  9 necromancers
  14 phantasmal warriors
  A lindwurm (shapeshifter) (Depths:3)
  19 large abominations
  Pikel (D:3)
  9 orc knights
  8 harpies (Vaults:3)
  5 thermic dynamos
  A fenstrider witch simulacrum (Swamp:4)
  20 deep elf pyromancers
  4 obsidian bats
  21 deep elf zephyrmancers
  36 ugly things
  5 draconians (Abyss:3)
  A fire giant zombie (Depths:1)
  11 shining eyes
  9 orc sorcerers
  2 stone giant zombies
  35 salamanders
  6 will-o-the-wisps
  A manticore (D:15)
  3 cyclopes
  An elephant (shapeshifter) (Vaults:5)
  4 Executioner simulacra (Pan)
  44 black mambas
  21 moths of wrath
  A goliath frog skeleton (Crypt:2)
  2 stone giant skeletons
  A spectral centaur (Tar:2)
  A meliai (shapeshifter) (D:15)
  A centaur zombie (Tomb:2)
  28 elephants
  A toenail golem (D:9)
  An eleionoma skeleton (Crypt:1)
  2 water nymphs (shapeshifter) (Vaults:5)
  A dire elephant zombie (Crypt:3)
  5 ice statues (Pan)
  17 vault sentinels
  2 alligator skeletons (Hell)
  6 meliai
  17 naga magi
  3 torpor snails (Pan)
  7 titan simulacra
  14 molten gargoyles
  13 guardian serpents
  3 centaur skeletons (Hell)
  2 storm dragon simulacra (Coc:1)
  2 naga skeletons (Hell)
  11 spectral swamp worms (Tar:7)
  35 smoke demons
  Jeremiah (D:8)
  An eye of devastation (Slime:3)
  A grey draconian zombie (Crypt:2)
  27 hellions
  24 orange demons
  9 cane toads
  A dire elephant skeleton (Crypt:3)
  A rime drake (Lair:4)
  8 efreet
  2 bunyip simulacra (Coc:1)
  22 tormentors
  9 komodo dragons
  36 yaktaurs
  A kobold demonologist (D:12)
  A sea snake zombie (Hell)
  4 anaconda simulacra
  11 freezing wraiths
  2 spectral harpies (Tar:4)
  9 ice devils
  3 tengu conjurers
  9 golden dragon simulacra
  2 spectral death drakes (Swamp:4)
  4 iron giant simulacra
  12 red devils
  5 trolls
  2 harpy zombies (Hell)
  3 silent spectres
  60 guardian mummies
  26 hellwings
  A sea snake skeleton (Hell)
  A merfolk (shapeshifter) (Vaults:4)
  A tengu simulacrum (Depths:1)
  6 tyrant leeches
  3 polar bears
  Prince Ribbit (Bailey)
  A tarantella (Vaults:3)
  3 hydra zombies (Hell)
  4 harpy skeletons
  A merfolk (D:10)
  A jumping spider (Vaults:3)
  Grinder (D:2)
  33 blink frogs
  A culicivora zombie (Crypt:2)
  2 glass eyes
  9 hornets
  A dream sheep (shapeshifter) (Depths:2)
  A raiju (shapeshifter) (Depths:4)
  10 dream sheep
  A death drake skeleton (Crypt:2)
  5 iron dragon simulacra
  3 stone giant simulacra
  A black mamba zombie (Tomb:2)
  88 slime creatures
  6 water elementals
  A wyvern (shapeshifter) (Vaults:5)
  6 spriggans
  12 dire elephant simulacra
  An ice dragon skeleton (Crypt:2)
  8 wyverns
  33 ynoxinuls
  2 air elementals
  8 humans
  4 ushabtiu
  3 vampires
  An ettin skeleton (Tomb:2)
  4 wraiths
  53 yaks
  3 shadows
  9 starcursed masses (Abyss:3)
  7 naga simulacra
  2 vampire mosquitoes (D:13)
  3 basilisks
  6 golden eyes
  2 wind drake skeletons (Crypt:3)
  A fire elemental (Depths:3)
  3 steam dragons
  Menkaure (D:3)
  A warg (D:9)
  A minotaur simulacrum (IceCv)
  17 neqoxecs
  14 harpy simulacra
  20 swamp worms
  22 chaos spawn
  30 nagas
  A naga zombie (Tomb:2)
  An entropy weaver zombie (Crypt:1)
  5 hydra simulacra
  An acid dragon (D:10)
  24 water moccasins
  2 death drake simulacra (Swamp:4)
  A lindwurm zombie (Crypt:3)
  8 hell hounds
  21 orc warriors
  2 ice beasts
  19 laughing skulls
  6 swamp drakes (Swamp:4)
  3 sky beasts
  10 ettin simulacra
  A black mamba simulacrum (Hell)
  5 boggarts (D:14)
  A swamp dragon zombie (Crypt:2)
  16 black bears
  A manticore skeleton (Crypt:1)
  22 ogres
  28 wolves
  A swamp dragon skeleton (Crypt:3)
  A snapping turtle skeleton (Crypt:3)
  9 centaurs
  A hog zombie (Crypt:3)
  3 phantoms
  3 lemures (D:3)
  11 kobold brigands
  36 bullfrogs
  5 gnoll sergeants
  A rime drake skeleton (Crypt:3)
  A cyclops zombie (Crypt:3)
  3 earth elementals
  13 wights
  A water moccasin zombie (D:6)
  A yak zombie (Crypt:1)
  A polar bear skeleton (Crypt:3)
  14 killer bees
  A lindwurm simulacrum (IceCv)
  A swamp dragon simulacrum (Coc:1)
  21 electric eels
  A howler monkey (D:6)
  2 bombardier beetles
  A bullfrog zombie (D:6)
  A crimson imp (Pan)
  5 hounds
  3 jellies (D:4)
  A gnoll bouda (D:10)
  A bullfrog skeleton (D:6)
  19 orc priests
  An iron imp (Abyss:3)
  A sleepcap (D:3)
  Ijyb (D:3)
  Terence (D:2)
  3 iguanas
  Natasha (thrice) (D:4)
  34 orc wizards
  11 hell rats (Hell)
  A brain worm zombie (Crypt:1)
  A hound skeleton (Crypt:3)
  51 mummies
  Robin (D:3)
  14 gnolls
  8 adders
  A shadow imp (D:5)
  An ufetubus (Abyss:3)
  A lava snake zombie (Crypt:1)
  2 dart slugs
  A ribbon worm (D:2)
  63 orcs
  6 bats
  6 endoplasms
  4 giant cockroaches
  15 goblins
  8 hobgoblins
  4 jackals (D:1)
  34 kobolds
  3 quokkas
  5 ball pythons
  2 frilled lizards
  An orc skeleton (Crypt:1)
  9 rats
  A river rat skeleton (Crypt:3)
  3 aspiring fleshes
  2 butterflies
  8 creeping infernos
  14 fire vortices
  2 lurking horrors
  A starspawn tentacle (Abyss:3)
  4 tentacles (Tar:7)
4116 creatures vanquished.

Vanquished Creatures (collateral kills)
  Margery (Depths:1)
  A draconian scorcher (Zot:2)
  An ettin (Depths:1)
  A slime creature (D:13)
  2 bullfrogs (Bailey)
  2 gnolls (D:5)
8 creatures vanquished.

Vanquished Creatures (others)
  Frederick (Vaults:2)
  An Ice Fiend (Coc:5)
  A walking frostbound tome (Pan)
  2 eldritch tentacles (Pan)
  A frost giant (Vaults:5)
  A shard shrike simulacrum (Coc:7)
  A draconian annihilator (Depths:4)
  A demonspawn blood saint (Pan)
  A war gargoyle (Vaults:4)
  A caustic shrike simulacrum (Coc:7)
  A juggernaut simulacrum (Coc:7)
  An arcanist (Vaults:1)
  An ugly thing (Vaults:5)
  A naga mage (Snake:4)
  2 titan simulacra
  A large abomination (Pan)
  An anaconda simulacrum (Coc:2)
  An ice devil (Pan)
  A bloated husk (Swamp:1)
  A tyrant leech (Swamp:1)
  A slime creature (Vaults:4)
  A ynoxinul (Pan)
  A dire elephant simulacrum (Coc:2)
  A naga simulacrum (Coc:2)
  A neqoxec (Pan)
  A harpy simulacrum (Coc:5)
  A swamp worm (Swamp:4)
  2 ettin simulacra
  2 orc wizards (Orc:2)
  2 gnolls
  6 ball lightnings (Pan)
  30 foxfires
  A starspawn tentacle (Abyss:3)
  9 tentacles (Tar:7)
81 creatures vanquished.

Grand Total: 4205 creatures vanquished

Notes
Turn   | Place    | Note
-------+----------+-------------------------------------------
     0 | D:1      | Wizard1ke the Mountain Dwarf Shapeshifter began the quest
                  | for the Orb.
     0 | D:1      | Reached XP level 1. HP: 16/16 MP: 1/1
   104 | D:1      | Reached XP level 2. HP: 4/24 MP: 2/2
   447 | D:1      | Reached XP level 3. HP: 28/30 MP: 3/3
  1178 | D:2      | Noticed Terence
  1193 | D:2      | Killed Terence
  1194 | D:2      | Reached XP level 4. HP: 18/38 MP: 4/4
  1850 | D:2      | Reached XP level 5. HP: 31/46 MP: 5/5
  2112 | D:3      | Noticed Ijyb
  2144 | D:3      | Killed Ijyb
  2257 | D:3      | Noticed Grinder
  2284 | D:2      | Paralysed by Grinder for 2 turns
  2289 | D:2      | Killed Grinder
  2290 | D:2      | Reached skill level 5 in Fighting
  2290 | D:2      | Reached skill level 5 in Unarmed Combat
  2290 | D:2      | Reached XP level 6. HP: 4/56 MP: 6/6
  2600 | D:4      | Noticed Robin
  2600 | D:4      | Found a stormy altar of Qazlal.
  2686 | D:3      | Killed Robin
  2967 | D:4      | Became a worshipper of Qazlal Stormbringer
  2996 | D:4      | Reached XP level 7. HP: 58/62 MP: 7/7
  3000 | D:4      | Noticed Menkaure
  3240 | D:3      | Killed Menkaure
  3721 | D:4      | Found a runed translucent door.
  3722 | D:4      | Noticed Crazy Yiuf
  3791 | D:4      | Noticed Natasha
  3796 | D:4      | Killed Natasha
  3819 | D:4      | Noticed Natasha
  3824 | D:4      | Killed Natasha
  3988 | D:4      | Noticed Pikel
  4334 | D:3      | Killed Pikel
  4335 | D:3      | Reached XP level 8. HP: 46/74 MP: 8/8
  4524 | D:4      | Noticed Natasha
  4530 | D:4      | Killed Natasha
  4603 | D:5      | Entered Level 5 of the Dungeon
  4603 | D:5      | Found a staircase to the Ecumenical Temple.
  4961 | Temple   | Entered the Ecumenical Temple
  5470 | D:5      | Found a snail-covered altar of Cheibriados.
  5494 | D:5      | Found a shimmering blue altar of Sif Muna.
  5509 | D:5      | Reached * piety under Qazlal
  5567 | D:5      | Found a shadowy altar of Dithmenos.
  5736 | D:5      | Reached XP level 9. HP: 49/83 MP: 9/9
  5961 | D:5      | Found an opulent altar of Gozag.
  5972 | D:5      | Found a sparkling altar of Nemelex Xobeh.
  5990 | D:5      | Found a glowing golden altar of the Shining One.
  6026 | D:6      | Found Uvihigg's Antique Weapon Boutique.
  6217 | D:6      | Found a broken altar of Ashenzari.
  6217 | D:6      | Found a basalt altar of Yredelemnul.
  6218 | D:6      | Found an ornate altar of the Wu Jian Council.
  6218 | D:6      | Noticed a cyan ugly thing
  6223 | D:6      | Found a transporter.
  6232 | D:6      | Found a transporter.
  6695 | D:6      | Reached skill level 10 in Fighting
  6949 | D:6      | Found an iron altar of Okawaru.
  7045 | D:6      | Reached skill level 10 in Unarmed Combat
  7123 | D:6      | Found a sacrificial altar of Ru.
  7419 | D:7      | Found Vabemm's Antique Armour Emporium.
  7717 | D:7      | Reached skill level 5 in Shapeshifting
  8266 | D:8      | Found a hazy altar of Hepliaklqana.
  8278 | D:8      | Reached XP level 10. HP: 90/90 MP: 10/10
  8282 | D:8      | Reached ** piety under Qazlal
  8310 | D:8      | Found a flagged portal.
  8354 | Bailey   | Entered a bailey
  8814 | Bailey   | Noticed Prince Ribbit
  8814 | Bailey   | Noticed a vault guard
  8824 | Bailey   | Killed a vault guard
  8833 | Bailey   | Killed Prince Ribbit
  8994 | Bailey   | Noticed a vault guard
  9301 | D:8      | Noticed a two-headed ogre
  9538 | D:8      | Noticed Jeremiah
  9962 | D:8      | Killed Jeremiah
 11057 | D:8      | Killed a two-headed ogre
 11058 | D:8      | Reached XP level 11. HP: 47/100 MP: 11/11
 11307 | D:9      | Reached *** piety under Qazlal
 11726 | D:9      | Noticed a red ugly thing
 11739 | D:9      | Killed a red ugly thing
 12023 | D:9      | Paralysed by a hornet for 2 turns
 12308 | D:9      | Found a hide-covered altar of Uskayaw.
 12579 | D:9      | Found a staircase to the Orcish Mines.
 13179 | D:9      | Reached skill level 1 in Shields
 13378 | D:10     | Entered Level 10 of the Dungeon
 13398 | D:10     | Noticed a two-headed ogre
 13546 | D:9      | Killed a two-headed ogre
 13552 | D:9      | Reached **** piety under Qazlal
 13850 | D:10     | Noticed Urug
 13872 | D:10     | Killed Urug
 13873 | D:10     | Reached skill level 1 in Invocations
 14904 | D:10     | Noticed a two-headed ogre
 14913 | D:10     | Killed a two-headed ogre
 14914 | D:10     | Reached XP level 12. HP: 113/113 MP: 14/14
 15130 | D:10     | Found a staircase to the Lair.
 15182 | D:10     | Noticed a two-headed ogre
 15195 | D:10     | Killed a two-headed ogre
 15494 | D:10     | Reached skill level 5 in Invocations
 15658 | D:10     | Found a glowing silver altar of Zin.
 15678 | D:10     | Identified the serpent talisman of Loss {Int+4}
 16343 | Lair:1   | Entered Level 1 of the Lair of Beasts
 16391 | Lair:1   | Reached ***** piety under Qazlal
 16781 | Lair:1   | Reached skill level 10 in Shapeshifting
 17055 | Lair:1   | Found a transporter.
 17055 | Lair:1   | Noticed AlexanderH's ghost (journeyman DrEE)
 17114 | Lair:1   | Found a transporter.
 17563 | Lair:2   | Reached XP level 13. HP: 110/122 MP: 16/16
 17922 | Lair:2   | Found a staircase to the Snake Pit.
 18801 | Lair:2   | Reached ****** piety under Qazlal
 19039 | Lair:3   | Reached skill level 5 in Dodging
 19392 | Lair:3   | Found a staircase to the Swamp.
 20429 | Lair:4   | Reached XP level 14. HP: 132/132 MP: 18/18
 21071 | Lair:4   | Got the Verses on Iced Conjuration
 21218 | Lair:5   | Entered Level 5 of the Lair of Beasts
 21496 | Lair:4   | Reached skill level 10 in Invocations
 22048 | Lair:5   | Found a staircase to the Slime Pits.
 23450 | Lair:5   | Found the ring of the Hare {EV+10}
 23808 | D:11     | Reached skill level 15 in Fighting
 24038 | D:11     | Found a hide-covered altar of Uskayaw.
 24115 | D:11     | Found a portal to a secret trove of treasure.
 24528 | D:12     | Identified the +11 short sword of Crystal {protect, Dex+6}
 24529 | D:12     | Found the +8 frozen axe "Frostbite" {freeze, freezing
                  | cloud, *Noise Fly rC+}
 24701 | D:12     | Reached XP level 15. HP: 141/141 MP: 24/24
 24779 | D:12     | Reached skill level 15 in Unarmed Combat
 24824 | D:12     | Noticed Lodul
 24837 | D:12     | Killed Lodul
 25195 | Orc:1    | Entered Level 1 of the Orcish Mines
 25195 | Orc:1    | Noticed Erolcha
 25331 | Orc:1    | Killed Erolcha
 25544 | Orc:1    | Found a roughly hewn altar of Beogh.
 25747 | Orc:1    | Found a burning altar of Makhleb.
 25952 | Orc:2    | Entered Level 2 of the Orcish Mines
 25960 | Orc:2    | Found Keesku's Armour Boutique.
 26108 | Orc:2    | Found Yfoul's Magic Scroll Emporium.
 26349 | Orc:2    | Found a radiant altar of Vehumet.
 26380 | Orc:2    | Found Boingidd's Antique Weapon Shop.
 26595 | Orc:2    | Found an ancient bone altar of Kikubaaqudgha.
 26616 | Orc:2    | Found Tinueppua's Distillery.
 26625 | Orc:2    | Bought 2 potions of haste for 320 gold pieces
 26625 | Orc:2    | Bought a potion of might for 64 gold pieces
 26625 | Orc:2    | Bought a potion of heal wounds for 80 gold pieces
 26625 | Orc:2    | Bought a potion of resistance for 160 gold pieces
 26625 | Orc:2    | Bought a potion of lignification for 48 gold pieces
 26696 | Orc:2    | Found a roughly hewn altar of Beogh.
 26872 | Orc:2    | Found Haill's Magic Scroll Shoppe.
 26880 | Orc:2    | Bought a scroll of fear for 68 gold pieces
 26880 | Orc:2    | Bought a scroll of revelation for 127 gold pieces
 26885 | Orc:2    | Found a staircase to the Elven Halls.
 26997 | Orc:2    | Found a roughly hewn altar of Beogh.
 26997 | Orc:2    | Found Gosyleph's Jewellery Shop.
 27004 | Orc:2    | Found Afowacw's Jewellery Boutique.
 27024 | Orc:2    | Bought a granite talisman for 840 gold pieces
 27288 | D:13     | Found Futypt's Antique Weapon Boutique.
 27786 | D:13     | Identified the +6 broad axe of the Wasteland {pain, *Rage
                  | Str+7 Int+3 Dex+2}
 27932 | D:13     | Identified 2 scrolls of acquirement
 27933 | D:13     | Acquired 1000 gold pieces
 28510 | D:14     | Identified the +8 rapier of Caehung {freeze, Will+ Str+2}
 28803 | D:14     | Identified the +0 plate armour of the Loofah {Harm +Inv
                  | Will- Regen+}
 28808 | D:14     | Found a gate to the Vaults.
 28973 | D:14     | Found Zoumasala's Book Emporium.
 29059 | D:14     | Found Xiggeuqi's Assorted Antiques.
 29067 | D:14     | Bought a Gell's gravitambourine (2/2) for 1280 gold pieces
 29072 | D:14     | Found Daliak's Assorted Antiques.
 29080 | D:14     | Bought a scroll of immolation for 108 gold pieces
 29080 | D:14     | Bought 3 scrolls of revelation for 607 gold pieces
 29238 | D:14     | Found Etehem's Weapon Emporium.
 29302 | D:14     | Found a glowing golden altar of the Shining One.
 29428 | D:14     | Found Weniral's Armour Shoppe.
 29529 | D:15     | Entered Level 15 of the Dungeon
 29857 | D:15     | Reached XP level 16. HP: 150/150 MP: 21/25
 29944 | D:15     | Found a staircase to the Depths.
 30353 | Snake:1  | Entered Level 1 of the Snake Pit
 30840 | Snake:1  | Reached skill level 15 in Shapeshifting
 30908 | Snake:1  | Acquired 792 gold pieces
 31178 | Orc:2    | Bought the amulet of Qynuh {Spirit rF+ rN+ Int+2} for 733
                  | gold pieces
 32503 | Snake:2  | Reached skill level 5 in Shields
 33716 | Snake:3  | Reached XP level 17. HP: 159/159 MP: 26/26
 33883 | Snake:3  | Found Ixkawnam's Armour Shop.
 33888 | Snake:3  | Found Wiply's General Store.
 34277 | Snake:4  | Entered Level 4 of the Snake Pit
 34620 | Snake:4  | Found Wialois's Antique Armour Shoppe.
 34707 | Snake:4  | Found Rekaf's Jewellery Emporium.
 34873 | Snake:4  | Found Jarossig's Armour Shop.
 35232 | Snake:4  | Got a serpentine rune of Zot
 35572 | Snake:4  | Found Obao's Neck Hole.
 35738 | Swamp:1  | Entered Level 1 of the Swamp
 35780 | Swamp:1  | Found a glacial archway.
 35859 | IceCv    | Entered an ice cave
 36113 | IceCv    | Noticed an Ice Fiend
 36117 | IceCv    | Killed an Ice Fiend
 36121 | IceCv    | Noticed an Ice Fiend
 36123 | IceCv    | Killed an Ice Fiend
 36124 | IceCv    | Reached skill level 10 in Shields
 36597 | Swamp:1  | Reached XP level 18. HP: 172/172 MP: 27/27
 37152 | Swamp:2  | Learned a level 7 spell: Manifold Assault
 37464 | Swamp:2  | Identified the +1 ring mail of Fofuf {+Inv rN+ MP+9 Str+3}
 37624 | Swamp:3  | Noticed Roxanne
 38083 | Swamp:4  | Entered Level 4 of the Swamp
 38139 | Swamp:4  | Reached skill level 15 in Invocations
 38204 | Swamp:4  | Noticed Mara
 38210 | Swamp:4  | Noticed Wizard1ke's illusion
 38215 | Swamp:4  | Noticed Wizard1ke's illusion
 38223 | Swamp:4  | Killed Mara
 38525 | Swamp:4  | Got a decaying rune of Zot
 38706 | Swamp:4  | Found a runed translucent gate.
 38706 | Swamp:4  | Found a runed translucent gate.
 38706 | Swamp:4  | Found a runed translucent gate.
 38707 | Swamp:4  | Noticed Roxkas's ghost (adept DsMo)
 39148 | Vaults:1 | Entered Level 1 of the Vaults
 39319 | Vaults:1 | Found a magical portal.
 39329 | WizLab   | Entered Doroklohe's Tomb
 39503 | WizLab   | Noticed an Ice Fiend
 39771 | Vaults:1 | Noticed a tentacled monstrosity
 39776 | Vaults:1 | Killed a tentacled monstrosity
 40014 | Vaults:1 | Found Vupoyg's Antique Armour Boutique.
 40092 | Vaults:1 | Reached XP level 19. HP: 181/181 MP: 31/31
 40404 | Vaults:1 | Identified the +0 leather armour of Quiet Fog {Harm rPois
                  | MP+9 Dex-2}
 41051 | Vaults:2 | Got the Cyclopedia of Debased Words and the Crevasse
 41121 | Vaults:2 | Noticed Saint Roka
 41467 | Vaults:2 | Identified the orb "Rogori" {*channel, -Tele Int+3 Dex+3
                  | Earth}
 41467 | Vaults:2 | Noticed Frederick
 41479 | Vaults:2 | Killed Frederick
 41896 | Vaults:2 | Killed Saint Roka
 42082 | Vaults:2 | Found a staircase to the Crypt.
 42334 | Vaults:3 | Reached XP level 20. HP: 193/193 MP: 30/32
 42575 | Vaults:3 | Noticed Mennas
 42590 | Vaults:3 | Noticed Bai Suzhen
 42600 | Vaults:3 | Killed Mennas
 42604 | Vaults:3 | Killed Bai Suzhen
 42709 | Vaults:3 | Found a runed translucent gate.
 42709 | Vaults:3 | Found a runed translucent gate.
 42710 | Vaults:3 | Found a runed translucent gate.
 42713 | Vaults:3 | Noticed Izusibb's ghost (veteran DjCj)
 42713 | Vaults:3 | Noticed Draconius's ghost (adept GrEE)
 42714 | Vaults:3 | Noticed Vuferghebb's ghost (adept CoFi)
 42793 | Vaults:3 | Noticed Sojobo
 42797 | Vaults:3 | Killed Sojobo
 42856 | Vaults:3 | Identified the +6 scale mail of the Flute {Will++ Str-5}
 42898 | Vaults:3 | Found Ananum's Book Emporium.
 43579 | Snake:4  | Bought the amulet of Vitality {Regen++ RegenMP++} for 1700
                  | gold pieces
 43579 | Snake:4  | Found the amulet of Vitality {Regen++ RegenMP++}
 44462 | Vaults:4 | Found Weytep's Book Shop.
 44463 | Vaults:4 | Found Yco Ygai's Antique Armour Shoppe.
 44490 | Vaults:4 | Reached skill level 1 in Translocations
 44513 | Vaults:4 | Paralysed by a sphinx for 3 turns
 44517 | Vaults:4 | Paralysed by a sphinx for 5 turns
 44567 | Vaults:4 | Found Yguetuh's Jewellery Emporium.
 44616 | Vaults:4 | Found Afatoive's Book Shoppe.
 44642 | Vaults:4 | Found Plog's Assorted Antiques.
 44647 | Vaults:4 | Bought a scroll labelled PERPHAU CICVO for 40 gold pieces
 44861 | Vaults:4 | Identified the +6 great sword "Vuymaum" {vamp, Str+8}
 45452 | Elf:1    | Entered Level 1 of the Elven Halls
 45789 | Elf:1    | Reached XP level 21. HP: 201/201 MP: 35/35
 45815 | Elf:1    | Noticed Zenata
 45821 | Elf:1    | Killed Zenata
 45822 | Elf:1    | Reached skill level 5 in Translocations
 46110 | Elf:1    | Found a shimmering blue altar of Sif Muna.
 46283 | Elf:2    | Found Rausumm's One-of-a-Kind Rings.
 46495 | Elf:2    | Found a large runed translucent door.
 46495 | Elf:2    | Found a large runed translucent door.
 46518 | Elf:2    | Found a large runed translucent door.
 46518 | Elf:2    | Found a large runed translucent door.
 46582 | Elf:3    | Entered Level 3 of the Elven Halls
 47130 | Elf:3    | Identified the +6 lajatang "Bicappov" {venom, rF+ Will+
                  | Str+4}
 47233 | Elf:3    | Identified the +10 spear "Luucw" {heavy, *Slow rF- rCorr
                  | Dex+6}
 47234 | Elf:3    | Identified the +6 war axe "Fyraz" {antimagic, ^Fragile
                  | rElec rN+ Str+4}
 47261 | Elf:3    | Reached skill level 10 in Translocations
 47284 | Elf:3    | Found the +8 storm bow {elec, penet}
 47289 | Elf:3    | Identified the +0 cloak of Indecent Exposure {rCorr Dex+3}
 47326 | Elf:3    | Identified the +3 chain mail of Foide {*Slow rElec SInv}
 47345 | Elf:3    | Identified the staff of Igapaf {rF- Str+3 SInv Earth}
 48268 | Depths:1 | Entered Level 1 of the Depths
 48274 | Abyss:3  | Cast into level 3 of the Abyss (an occultist)
 48275 | Abyss:3  | Found a corrupted altar of Lugonu.
 48327 | Abyss:3  | Noticed a profane servitor
 48358 | Abyss:3  | Killed a profane servitor
 48410 | Abyss:3  | Found a transporter.
 48461 | Abyss:3  | Found a transporter.
 48470 | Abyss:3  | Got an abyssal rune of Zot
 48496 | Depths:1 | Escaped the Abyss
 48596 | Depths:1 | Found Kiskadghu's Book Emporium.
 48596 | Depths:1 | Found Hefarph's Magic Scroll Shoppe.
 48649 | Depths:1 | Noticed Margery
 48655 | Depths:1 | Killed Margery
 48662 | Depths:1 | Reached XP level 22. HP: 179/209 MP: 36/36
 48718 | Depths:1 | Found a gateway to Hell.
 49047 | Depths:1 | Found a glowing silver altar of Zin.
 49174 | Depths:2 | Found a one-way gate leading to the halls of Pandemonium.
 49746 | Depths:2 | Found a one-way gateway to a ziggurat.
 49963 | Depths:2 | Noticed a golden dragon
 49968 | Depths:2 | Killed a golden dragon
 50196 | Depths:2 | Found a one-way gate to the infinite horrors of the Abyss.
 50554 | Depths:3 | Noticed a juggernaut
 50561 | Depths:3 | Killed a juggernaut
 50576 | Depths:3 | Identified the +5 ring mail of Igak {rF- Str+3 Dex+3}
 50600 | Depths:3 | Reached skill level 15 in Translocations
 50610 | Depths:3 | Noticed a golden dragon
 50617 | Depths:3 | Killed a golden dragon
 50846 | Depths:3 | Found Waici's Book Shop.
 50846 | Depths:3 | Found Rydystuk's Jewellery Shoppe.
 50846 | Depths:3 | Found Catuew's Book Shop.
 50877 | Depths:3 | Bought a book of the Warp for 744 gold pieces
 50879 | Depths:3 | Learned a level 1 spell: Apportation
 50883 | Depths:3 | Learned a level 3 spell: Maxwell's Portable Piledriver
 50890 | Depths:3 | Learned a level 6 spell: Dispersal
 50919 | Depths:3 | You fall into a shaft and drop 1 floor!
 50919 | Depths:4 | Entered Level 4 of the Depths
 51531 | Depths:3 | Found a shimmering blue altar of Sif Muna.
 51558 | Depths:4 | Noticed Grunn
 51575 | Depths:4 | Killed Grunn
 51644 | Depths:4 | Found a shadowy altar of Dithmenos.
 51774 | Depths:4 | Reached XP level 23. HP: 215/215 MP: 15/37
 51774 | Depths:4 | Noticed a caustic shrike
 51790 | Depths:4 | Killed a caustic shrike
 51798 | Depths:4 | Noticed a juggernaut
 51888 | Depths:4 | Identified the ring of the Middle {Dex+4 Slay+4}
 52096 | Depths:4 | Found a gate to the Realm of Zot.
 52098 | Depths:4 | Gained mutation: Armour fits poorly on your strangely
                  | shaped body. [mutagenic glow]
 52852 | Vaults:5 | Entered Level 5 of the Vaults
 52860 | Vaults:5 | Noticed an ancient lich
 52863 | Vaults:5 | Noticed Jory
 53010 | Vaults:5 | Noticed an ancient lich
 53010 | Vaults:5 | Noticed a dread lich
 53015 | Vaults:5 | Killed an ancient lich
 53015 | Vaults:5 | Killed Jory
 53039 | Vaults:5 | Paralysed by something for 2 turns
 53044 | Vaults:5 | Killed a dread lich
 53107 | Vaults:5 | Noticed a dread lich
 53124 | Vaults:5 | Killed a dread lich
 53188 | Vaults:5 | Found Yghoaciq's Jewellery Shoppe.
 53199 | Vaults:5 | Identified the +0 pair of gloves of Eternity {rC+ Str-2
                  | Int+6 Dex+2}
 53218 | Vaults:5 | Reached XP level 24. HP: 224/224 MP: 12/37
 53256 | Vaults:5 | Identified the +4 long sword of the Depths {flame, +Blink
                  | Fly rCorr Dex-5}
 53280 | Vaults:5 | Killed an ancient lich
 53517 | Vaults:5 | Noticed an ancient lich
 53526 | Vaults:5 | Killed an ancient lich
 53583 | Vaults:5 | Identified the +4 arbalest of the Irksome God {penet,
                  | Stlth+}
 53669 | Vaults:5 | Got the Grimoire of Harmful Accompaniment
 53762 | Vaults:5 | Identified the +0 robe of the Moon {rF+ Int+6}
 54090 | Vaults:5 | Got a silver rune of Zot
 54174 | Vaults:5 | Identified the +5 fire dragon scales of Ewoumoa {Fly rPois
                  | rF++ rC- Str+3 Slay-4}
 54212 | Vaults:5 | Identified the +5 scale mail of Edirose {MP+9 SInv}
 54222 | Vaults:5 | Identified the +1 pair of gloves of Suefroom {Rampage rPois
                  | Str+3 Dex+2}
 54952 | Slime:1  | Entered Level 1 of the Pits of Slime
 55067 | Slime:2  | Gained mutation: You occasionally lose the ability to read
                  | scrolls when taking damage. [a shining eye]
 55073 | Slime:2  | Gained mutation: You are dopey. (Int -2) [a shining eye]
 55092 | Slime:2  | Gained mutation: You are clumsy. (Dex -2) [a shining eye]
 55092 | Slime:2  | Gained mutation: Your movements are slightly less
                  | encumbered by armour. (ER -2) [a shining eye]
 55133 | Slime:2  | Lost mutation: You are dopey. (Int -2) [potion of mutation]
 55133 | Slime:2  | Lost mutation: You are clumsy. (Dex -2) [potion of
                  | mutation]
 55133 | Slime:2  | Lost mutation: Your movements are slightly less encumbered
                  | by armour. (ER -2) [potion of mutation]
 55133 | Slime:2  | Gained mutation: You possess an exceptional clarity of
                  | mind. [potion of mutation]
 55133 | Slime:2  | Gained mutation: Your mind is acute. (Int +4, Str/Dex -1)
                  | [potion of mutation]
 55134 | Slime:2  | Lost mutation: Your mind is acute. (Int +4, Str/Dex -1)
                  | [potion of mutation]
 55134 | Slime:2  | Lost mutation: You possess an exceptional clarity of mind.
                  | [potion of mutation]
 55134 | Slime:2  | Lost mutation: You occasionally lose the ability to read
                  | scrolls when taking damage. [potion of mutation]
 55134 | Slime:2  | Gained mutation: You have large cloven feet. [potion of
                  | mutation]
 55134 | Slime:2  | Gained mutation: You are robust. (+10% HP) [potion of
                  | mutation]
 55240 | Slime:3  | Gained mutation: Your magical capacity is low. (-10% MP) [a
                  | shining eye]
 55470 | Slime:3  | Gained mutation: You occasionally lose the ability to read
                  | scrolls when taking damage. [a shining eye]
 55470 | Slime:3  | Gained mutation: You sometimes lose your temper in combat.
                  | [a shining eye]
 55502 | Slime:2  | Lost mutation: You have large cloven feet. [potion of
                  | mutation]
 55502 | Slime:2  | Lost mutation: You occasionally lose the ability to read
                  | scrolls when taking damage. [potion of mutation]
 55502 | Slime:2  | Lost mutation: You are robust. (+10% HP) [potion of
                  | mutation]
 55502 | Slime:2  | Gained mutation: You expend magic power (3 MP) to
                  | strengthen your wands. [potion of mutation]
 55503 | Slime:2  | Lost mutation: Armour fits poorly on your strangely shaped
                  | body. [potion of mutation]
 55503 | Slime:2  | Lost mutation: Your magical capacity is low. (-10% MP)
                  | [potion of mutation]
 55503 | Slime:2  | Gained mutation: You are agile. (Dex +4, Str/Int -1)
                  | [potion of mutation]
 55503 | Slime:2  | Gained mutation: You have a pair of small horns on your
                  | head. [potion of mutation]
 55503 | Slime:2  | Gained mutation: You have sharp toenails. [potion of
                  | mutation]
 55504 | Slime:2  | Lost mutation: You are agile. (Dex +4, Str/Int -1) [potion
                  | of mutation]
 55504 | Slime:2  | Lost mutation: You expend magic power (3 MP) to strengthen
                  | your wands. [potion of mutation]
 55504 | Slime:2  | Lost mutation: You have a pair of small horns on your head.
                  | [potion of mutation]
 55504 | Slime:2  | Gained mutation: You have a pair of small horns on your
                  | head. [potion of mutation]
 55505 | Slime:2  | Lost mutation: You have sharp toenails. [potion of
                  | mutation]
 55505 | Slime:2  | Lost mutation: You sometimes lose your temper in combat.
                  | [potion of mutation]
 55505 | Slime:2  | Lost mutation: You have a pair of small horns on your head.
                  | [potion of mutation]
 55505 | Slime:2  | Gained mutation: Your body sometimes deteriorates upon
                  | taking damage. [potion of mutation]
 55505 | Slime:2  | Gained mutation: Your spells are a little harder to cast,
                  | but a little more powerful. [potion of mutation]
 55623 | Slime:5  | Entered Level 5 of the Pits of Slime
 55654 | Slime:5  | Gained mutation: Your magical capacity is low. (-10% MP) [a
                  | shining eye]
 55790 | Slime:5  | Noticed the Royal Jelly
 55799 | Slime:5  | Killed the Royal Jelly
 55810 | Slime:5  | Reached XP level 25. HP: 149/231 MP: 17/33
 55910 | Slime:5  | Got a slimy rune of Zot
 55912 | Slime:5  | Got the Atlas of Doom and Iniquitous Deeds
 55986 | Slime:5  | Found the +5 scythe "Finisher" {speed, execute}
 56047 | Slime:5  | Identified the +10 rapier of the Past {spect, rElec rPois
                  | MP+9 Str-4}
 56057 | Slime:5  | Identified the ring "Nuomiucw" {Fire Will+ Dex+2}
 56150 | Slime:5  | Identified the +8 trident "Ufehih" {elec, Str+3 Int+2
                  | Dex-3}
 56152 | Slime:5  | Identified the staff "Etiu" {rPois Will+ Int+5 Earth}
 56610 | Zot:1    | Entered Level 1 of the Realm of Zot
 57178 | Zot:1    | You fall into a shaft and drop 1 floor!
 57799 | Zot:2    | Noticed a shard shrike
 57808 | Zot:2    | Killed a shard shrike
 59492 | Zot:4    | Found a transporter.
 59493 | Zot:4    | Found a transporter.
 59495 | Zot:4    | Found a transporter.
 59596 | Zot:4    | Found a transporter.
 59596 | Zot:4    | Identified the +2 robe of the Spider Nest {rElec Archmagi}
 59614 | Zot:4    | Identified the +9 chain mail of Dice, Bag, and Bottle
                  | {-Cast rCorr Dex+3 SInv}
 59703 | Zot:4    | Found a transporter.
 59805 | Zot:4    | Found a transporter.
 59995 | Zot:5    | Entered Level 5 of the Realm of Zot
 60149 | Zot:5    | Found a transporter.
 60149 | Zot:5    | Found a transporter.
 60154 | Zot:5    | Identified the +0 cloak of Uskayaw's Pride {rElec}
 60156 | Zot:5    | Found a bloodstained altar of Trog.
 60156 | Zot:5    | Identified the +0 cloak of Amorality {rElec rF+ MP+9 Int-5}
 60158 | Zot:5    | Noticed Cigeacw's ghost (veteran MiFi)
 60380 | Zot:5    | Reached XP level 26. HP: 239/239 MP: 23/33
 60751 | Crypt:1  | Entered Level 1 of the Crypt
 61811 | Crypt:1  | Found a basalt altar of Yredelemnul.
 62554 | Crypt:3  | Entered Level 3 of the Crypt
 62806 | Crypt:3  | Found an ancient bone altar of Kikubaaqudgha.
 62810 | Crypt:3  | Found a basalt altar of Yredelemnul.
 62828 | Crypt:3  | Got Sauneebb's Anthology of Freezing
 62835 | Crypt:3  | Got the Quarto of the Dead
 62837 | Crypt:3  | Identified the staff of Eternal Vigilance {rF+ rC+ Str-3
                  | Dex+5 Fire Ice}
 62868 | Crypt:3  | Found the +5 robe of Night {Dark Will+ SInv}
 62869 | Crypt:3  | Found the +8 arc blade {discharge, rElec}
 62878 | Crypt:3  | Identified the +10 triple crossbow of a Labyrinth {flame,
                  | rElec}
 62944 | Crypt:3  | Found a runed translucent door.
 62947 | Crypt:3  | Noticed Bunoc's ghost (veteran FoFi)
 62959 | Crypt:3  | Killed Bunoc's ghost
 63061 | Crypt:3  | Found a staircase to the Tomb.
 63115 | Crypt:3  | Learned a level 4 spell: Vhi's Electric Charge
 63851 | Pan      | Entered Pandemonium
 63959 | Pan      | Noticed Umpeligi the pandemonium lord
 63973 | Pan      | Killed Umpeligi the pandemonium lord
 64105 | Pan      | Noticed Eraowe the pandemonium lord
 64113 | Pan      | Killed Eraowe the pandemonium lord
 64771 | Pan      | Noticed Hific the pandemonium lord
 64854 | Pan      | Killed Hific the pandemonium lord
 64855 | Pan      | Reached XP level 27. HP: 248/248 MP: 21/33
 65183 | Pan      | Reached skill level 1 in Spellcasting
 65193 | Pan      | Noticed Onaclu Feiz the pandemonium lord
 65210 | Pan      | Killed Onaclu Feiz the pandemonium lord
 65406 | Pan      | Identified the +7 chain mail "Quiroc" {-Cast rElec Will+
                  | rCorr}
 65443 | Pan      | Found a transporter.
 66000 | Pan      | Found a runed translucent door.
 66028 | Pan      | Noticed Daoz the pandemonium lord
 66042 | Pan      | Reached skill level 15 in Shields
 66045 | Pan      | Killed Daoz the pandemonium lord
 66428 | Pan      | Noticed Joixomut the pandemonium lord
 66440 | Pan      | Killed Joixomut the pandemonium lord
 66521 | Pan      | Got a demonic rune of Zot
 66872 | Pan      | Found a huge runed translucent gate.
 66875 | Pan      | Found a huge runed translucent gate.
 66876 | Pan      | Found a huge runed translucent gate.
 66876 | Pan      | Found a huge runed translucent gate.
 66876 | Pan      | Found a huge runed translucent gate.
 66960 | Pan      | Identified the +5 rapier of Destiny {spect, rF- Int+3}
 66982 | Pan      | Found a huge runed translucent gate.
 67012 | Depths:2 | Escaped Pandemonium
 67043 | Pan      | Entered Pandemonium
 67223 | Pan      | Noticed Tygufiutt the pandemonium lord
 67234 | Pan      | Killed Tygufiutt the pandemonium lord
 67297 | Pan      | Noticed Jeiw the pandemonium lord
 67301 | Pan      | Reached skill level 1 in Evocations
 67305 | Pan      | Entered the realm of Lom Lobon.
 67353 | Pan      | Reached skill level 5 in Evocations
 67813 | Pan      | Identified the +0 scale mail of Viapuhao {-Tele Str+2
                  | Slay+2}
 67816 | Pan      | Reached skill level 10 in Evocations
 67817 | Pan      | Noticed Lom Lobon
 67838 | Pan      | Got a magical rune of Zot
 67961 | Pan      | Entered the realm of Mnoleg.
 67982 | Pan      | Gained mutation: You are weak. (Str -2) [a neqoxec]
 67989 | Pan      | Gained mutation: You have hidden genetic defects. [a
                  | cacodemon]
 68074 | Pan      | Noticed Mnoleg
 68091 | Pan      | Gained mutation: Your health recovers twice as slowly from
                  | being drained. [a shining eye]
 68101 | Pan      | Gained mutation: You are frail. (-10% HP) [a cacodemon]
 68104 | Pan      | Gained mutation: You are strong-willed. (Will+) [a
                  | cacodemon]
 68261 | Pan      | Gained mutation: You are very weak. (Str -4) [a neqoxec]
 68335 | Pan      | Killed Mnoleg
 68385 | Pan      | Got a glowing rune of Zot
 68428 | Pan      | Gained mutation: You have terrible hidden genetic defects.
                  | [a shining eye]
 68438 | Pan      | Gained mutation: You occasionally lose the ability to drink
                  | potions when taking damage. [a cacodemon]
 68441 | Pan      | Gained mutation: You are dopey. (Int -2) [a cacodemon]
 68467 | Pan      | Entered the realm of Cerebov.
 68469 | Pan      | Lost mutation: Your magical capacity is low. (-10% MP)
                  | [potion of mutation]
 68469 | Pan      | Lost mutation: Your spells are a little harder to cast, but
                  | a little more powerful. [potion of mutation]
 68469 | Pan      | Lost mutation: Your health recovers twice as slowly from
                  | being drained. [potion of mutation]
 68469 | Pan      | Gained mutation: You occasionally shout uncontrollably at
                  | your foes. [potion of mutation]
 68469 | Pan      | Gained mutation: You are partially covered in iridescent
                  | scales. (AC +2) [potion of mutation]
 68469 | Pan      | Gained mutation: You are agile. (Dex +4, Str/Int -1)
                  | [potion of mutation]
 68470 | Pan      | Lost mutation: You occasionally lose the ability to drink
                  | potions when taking damage. [potion of mutation]
 68470 | Pan      | Lost mutation: You are dopey. (Int -2) [potion of mutation]
 68470 | Pan      | Lost mutation: You occasionally shout uncontrollably at
                  | your foes. [potion of mutation]
 68470 | Pan      | Gained mutation: You are mostly covered in iridescent
                  | scales. (AC +4) [potion of mutation]
 68471 | Pan      | Lost mutation: You are strong-willed. (Will+) [potion of
                  | mutation]
 68471 | Pan      | Lost mutation: Your body sometimes deteriorates upon taking
                  | damage. [potion of mutation]
 68471 | Pan      | Gained mutation: You have sharp toenails. [potion of
                  | mutation]
 68472 | Pan      | Lost mutation: You have terrible hidden genetic defects.
                  | [potion of mutation]
 68472 | Pan      | Lost mutation: You have sharp toenails. [potion of
                  | mutation]
 68507 | Pan      | Lost mutation: You are frail. (-10% HP) [potion of
                  | mutation]
 68507 | Pan      | Lost mutation: You are very weak. (Str -4) [potion of
                  | mutation]
 68507 | Pan      | Gained mutation: You are frail. (-10% HP) [potion of
                  | mutation]
 68507 | Pan      | Gained mutation: You expend magic power (3 MP) to
                  | strengthen your wands. [potion of mutation]
 68556 | Pan      | Gained mutation: You are very weak. (Str -4) [hidden
                  | defects]
 68882 | Pan      | Identified the +9 scimitar of the Ageless Heavens
                  | {antimagic, *Slow rElec rCorr}
 68979 | Pan      | Found the +6 sword of Cerebov {flame}
 68979 | Pan      | Noticed Cerebov
 69112 | Pan      | Killed Cerebov
 69117 | Pan      | Gained mutation: Armour fits poorly on your strangely
                  | shaped body. [hidden defects]
 69117 | Pan      | Lost mutation: You have hidden genetic defects. [hidden
                  | defects expressed]
 69150 | Pan      | Identified the amulet of Xom's Bemusement {Faith rF++
                  | Regen+ Int-2 Slay+3}
 69186 | Pan      | Got a fiery rune of Zot
 69300 | Pan      | Entered the realm of Gloorx Vloq.
 69730 | Pan      | Found an exit through the horrors of the Abyss.
 70231 | Pan      | Noticed Gloorx Vloq
 70241 | Pan      | Killed Gloorx Vloq
 70259 | Pan      | Got a dark rune of Zot
 70400 | Pan      | Took an exit into the Abyss.
 70400 | Abyss:3  | Escaped into the Abyss
 70425 | Depths:2 | Escaped the Abyss
 70672 | D:7      | Bought a distressingly furry cloak for 161 gold pieces
 70672 | D:7      | Identified the +0 cloak of Tilups {rF+ rC+ Str-3} (You
                  | bought it in a shop on level 7 of the Dungeon)
 70905 | Vaults:1 | Bought a glimmering cloak for 370 gold pieces
 70905 | Vaults:1 | Identified the +4 cloak of the Zebra {rC- rN++ rCorr
                  | Stlth+} (You bought it in a shop on level 1 of the Vaults)
 71291 | Swamp:4  | Killed Roxkas's ghost
 71298 | Swamp:4  | Identified the +2 cloak of the Hidden Interlopers {Harm}
 71320 | Swamp:4  | Acquired the ring of Uphaxkid {rCorr Dex+5}
 71706 | Hell     | Entered the Vestibule of Hell
 71710 | Depths:1 | Lost mutation: You are very weak. (Str -4) [potion of
                  | mutation]
 71710 | Depths:1 | Lost mutation: Armour fits poorly on your strangely shaped
                  | body. [potion of mutation]
 71710 | Depths:1 | Lost mutation: You expend magic power (3 MP) to strengthen
                  | your wands. [potion of mutation]
 71710 | Depths:1 | Lost mutation: You are mostly covered in iridescent scales.
                  | (AC +4) [potion of mutation]
 71710 | Depths:1 | Lost mutation: You are agile. (Dex +4, Str/Int -1) [potion
                  | of mutation]
 71710 | Depths:1 | Gained mutation: You have large cloven feet. [potion of
                  | mutation]
 71711 | Depths:1 | Lost mutation: You are weak. (Str -2) [potion of mutation]
 71711 | Depths:1 | Lost mutation: You have large cloven feet. [potion of
                  | mutation]
 71711 | Depths:1 | Gained mutation: You are mostly covered in iridescent
                  | scales. (AC +4) [potion of mutation]
 71711 | Depths:1 | Gained mutation: You have sharp toenails. [potion of
                  | mutation]
 71712 | Depths:1 | Lost mutation: You are frail. (-10% HP) [potion of
                  | mutation]
 71712 | Depths:1 | Lost mutation: You have sharp toenails. [potion of
                  | mutation]
 71712 | Depths:1 | Lost mutation: You are mostly covered in iridescent scales.
                  | (AC +4) [potion of mutation]
 71712 | Depths:1 | Gained mutation: You have sharp toenails. [potion of
                  | mutation]
 71712 | Depths:1 | Gained mutation: You have a pair of small horns on your
                  | head. [potion of mutation]
 71713 | Depths:1 | Lost mutation: You have sharp toenails. [potion of
                  | mutation]
 71713 | Depths:1 | Lost mutation: You have a pair of small horns on your head.
                  | [potion of mutation]
 71713 | Depths:1 | Lost mutation: You are partially covered in iridescent
                  | scales. (AC +2) [potion of mutation]
 71713 | Depths:1 | Gained mutation: Your health recovers twice as slowly from
                  | being drained. [potion of mutation]
 71713 | Depths:1 | Gained mutation: Your mind is acute. (Int +4, Str/Dex -1)
                  | [potion of mutation]
 71723 | Hell     | Noticed Geryon
 71788 | Hell     | Killed Geryon
 72083 | Hell     | Found a gateway to the freezing wastes of Cocytus.
 72178 | Hell     | Found a gateway to the Iron City of Dis.
 72220 | Hell     | Found a gateway to the ashen valley of Gehenna.
 72293 | Hell     | Found a gateway to the decaying netherworld of Tartarus.
 72422 | Tar:1    | Entered Level 1 of Tartarus
 72561 | Tar:3    | Noticed an ancient lich
 72564 | Tar:3    | Killed an ancient lich
 72872 | Tar:5    | Found a corrupted altar of Lugonu.
 73391 | Tar:7    | Entered Level 7 of Tartarus
 74687 | Tar:7    | Identified the +6 scimitar "Grim Tooth" {holy, *Rage Fly
                  | rF+ Will+}
 75063 | Tar:7    | Noticed Ereshkigal
 75184 | Tar:7    | Reached skill level 27 in Invocations
 75190 | Tar:7    | Killed Ereshkigal
 75223 | Tar:7    | Identified the +7 whip of Wiam {speed, *Corrode rPois rC++}
 75230 | Tar:7    | Got a bone rune of Zot
 75412 | Geh:1    | Entered Level 1 of Gehenna
 75866 | Geh:3    | Lost mutation: Your mind is acute. (Int +4, Str/Dex -1)
                  | [potion of mutation]
 75866 | Geh:3    | Lost mutation: Your health recovers twice as slowly from
                  | being drained. [potion of mutation]
 75866 | Geh:3    | Gained mutation: You have hidden genetic defects. [potion
                  | of mutation]
 75866 | Geh:3    | Gained mutation: You do not regenerate when monsters are
                  | visible. [potion of mutation]
 75866 | Geh:3    | Gained mutation: You are dopey. (Int -2) [potion of
                  | mutation]
 75866 | Geh:3    | Lost mutation: You have hidden genetic defects. [potion of
                  | mutation]
 75973 | Geh:4    | Noticed an ancient lich
 75985 | Geh:4    | Killed an ancient lich
 75999 | Geh:4    | Gained mutation: Your spells are a little easier to cast,
                  | but a little less powerful. [mutagenic glow]
 76010 | Geh:4    | Gained mutation: You are vulnerable to cold. (rC-)
                  | [mutagenic glow]
 76017 | Geh:4    | Gained mutation: You occasionally lose the ability to drink
                  | potions when taking damage. [mutagenic glow]
 76584 | Geh:7    | Entered Level 7 of Gehenna
 76755 | Geh:7    | Noticed the Serpent of Hell
 76769 | Geh:7    | Killed the Serpent of Hell
 77390 | Geh:7    | Found the +13 sceptre of Asmodeus
 77390 | Geh:7    | Noticed Asmodeus
 77396 | Geh:7    | Killed Asmodeus
 77424 | Geh:7    | Got an obsidian rune of Zot
 77896 | Tomb:1   | Entered Level 1 of the Tomb of the Ancients
 78760 | Orc:2    | Bought the +2 pair of boots of the Beekeeper {*Corrode rF++
                  | rN++} for 702 gold pieces
 79477 | Depths:1 | Bought a scroll of enchant armour for 180 gold pieces
 79477 | Depths:1 | Bought a scroll of enchant armour for 180 gold pieces
 79477 | Depths:1 | Bought a scroll of teleportation for 72 gold pieces
 79477 | Depths:1 | Bought a scroll of fear for 96 gold pieces
 79692 | Vaults:4 | Bought a scroll of revelation for 300 gold pieces
 79692 | Vaults:4 | Bought a potion of curing for 120 gold pieces
 79692 | Vaults:4 | Bought a potion of attraction for 120 gold pieces
 79692 | Vaults:4 | Bought a scroll of enchant armour for 300 gold pieces
 79692 | Vaults:4 | Bought a potion of curing for 120 gold pieces
 79692 | Vaults:4 | Bought a scroll of revelation for 300 gold pieces
 79984 | Lair:1   | Killed AlexanderH's ghost
 80572 | Tomb:1   | Reached skill level 1 in Armour
 80623 | Tomb:1   | Noticed a royal mummy
 80631 | Tomb:1   | Killed a royal mummy
 80640 | Tomb:1   | Noticed a royal mummy
 80641 | Tomb:1   | Noticed a royal mummy
 80647 | Tomb:1   | Killed a royal mummy
 80656 | Tomb:1   | Killed a royal mummy
 80867 | Tomb:1   | Reached skill level 27 in Fighting
 80878 | Tomb:1   | Reached skill level 5 in Armour
 81190 | Tomb:2   | Noticed a royal mummy
 81190 | Tomb:2   | Noticed a royal mummy
 81190 | Tomb:2   | Noticed a royal mummy
 81190 | Tomb:2   | Noticed a royal mummy
 81193 | Tomb:2   | Killed a royal mummy
 81193 | Tomb:2   | Noticed a royal mummy
 81195 | Tomb:2   | Killed a royal mummy
 81195 | Tomb:2   | Killed a royal mummy
 81199 | Tomb:2   | Killed a royal mummy
 81204 | Tomb:2   | Killed a royal mummy
 81273 | Tomb:2   | Reached skill level 10 in Armour
 81904 | Tomb:3   | Entered Level 3 of the Tomb of the Ancients
 81932 | Tomb:3   | Noticed a royal mummy
 81934 | Tomb:3   | Noticed a royal mummy
 81938 | Tomb:3   | Noticed a royal mummy
 81939 | Tomb:3   | Killed a royal mummy
 81939 | Tomb:3   | Killed a royal mummy
 81939 | Tomb:3   | Killed a royal mummy
 81939 | Tomb:3   | Noticed a royal mummy
 81939 | Tomb:3   | Noticed a royal mummy
 81940 | Tomb:3   | Noticed a royal mummy
 81944 | Tomb:3   | Noticed a royal mummy
 81945 | Tomb:3   | Killed a royal mummy
 81945 | Tomb:3   | Killed a royal mummy
 81945 | Tomb:3   | Killed a royal mummy
 81946 | Tomb:3   | Reached skill level 15 in Armour
 81962 | Tomb:3   | Noticed a royal mummy
 81966 | Tomb:3   | Killed a royal mummy
 81968 | Tomb:3   | Killed a royal mummy
 82022 | Tomb:3   | Noticed a royal mummy
 82030 | Tomb:3   | Found the +2 hood of the Assassin {Detect Stab+ Stlth++}
 82041 | Tomb:3   | Killed a royal mummy
 82061 | Tomb:3   | Identified the +3 spear "Orb Guardian's Death" {flame,
                  | Will+ Dex+3 SInv}
 82116 | Tomb:3   | Identified the staff "Obashrip" {rC+ Will+ Str+4 Dex+3
                  | Earth}
 82151 | Tomb:3   | Got the Quarto of Points
 82354 | Tomb:3   | Got the Teachings on Metal
 82415 | Tomb:3   | Got a golden rune of Zot
 82935 | Coc:1    | Entered Level 1 of Cocytus
 83593 | Coc:1    | Paralysed by a wendigo for 1 turns
 83691 | Coc:2    | Paralysed by a wendigo for 1 turns
 84022 | Coc:5    | Paralysed by a wendigo for 1 turns
 84119 | Coc:7    | Entered Level 7 of Cocytus
 84251 | Coc:7    | Paralysed by a wendigo for 1 turns
 84391 | Coc:7    | Paralysed by a wendigo for 1 turns
 84412 | Coc:7    | Paralysed by a wendigo for 1 turns
 84416 | Coc:7    | Identified the ring of Hucotwon {rF+ Will+ rCorr MP+9
                  | Dex+4}
 84431 | Coc:7    | Paralysed by a wendigo for 1 turns
 84495 | Coc:7    | Identified the amulet "Jav Keyl" {Faith rCorr Str+3}
 84596 | Coc:7    | Paralysed by a wendigo for 1 turns
 84656 | Coc:7    | Noticed Antaeus
 84696 | Coc:7    | Killed Antaeus
 84733 | Coc:7    | Found the +6 arbalest "Damnation" {damnation}
 84739 | Coc:7    | Got an icy rune of Zot
 84856 | Dis:1    | Entered Level 1 of the Iron City of Dis
 85496 | Dis:7    | Entered Level 7 of the Iron City of Dis
 85610 | Dis:7    | Noticed a juggernaut
 85622 | Dis:7    | Killed a juggernaut
 85783 | Dis:7    | Noticed a juggernaut
 85793 | Dis:7    | Noticed a juggernaut
 85795 | Dis:7    | Killed a juggernaut
 85795 | Dis:7    | Killed a juggernaut
 85894 | Dis:7    | Noticed Dispater
 85949 | Dis:7    | Killed Dispater
 86024 | Dis:7    | Got an iron rune of Zot
 86352 | Zot:5    | Noticed an orb of fire
 86361 | Zot:5    | Noticed a dread lich
 86365 | Zot:5    | Killed an orb of fire
 86384 | Zot:5    | Killed a dread lich
 86385 | Zot:5    | Reached skill level 27 in Unarmed Combat
 86431 | Zot:5    | Noticed an orb of fire
 86436 | Zot:5    | Noticed an orb of fire
 86441 | Zot:5    | Killed an orb of fire
 86441 | Zot:5    | Killed an orb of fire
 87053 | Elf:2    | Bought the ring of the Scarab {Fire rElec rPois Str+4 Int-2
                  | Clar} for 859 gold pieces
 87673 | Zot:5    | Noticed an orb of fire
 87676 | Zot:5    | Noticed an orb of fire
 87678 | Zot:5    | Killed an orb of fire
 87680 | Zot:5    | Killed an orb of fire
 87683 | Zot:5    | Noticed an orb of fire
 87693 | Zot:5    | Noticed an ancient lich
 87705 | Zot:5    | Killed an ancient lich
 87714 | Zot:5    | Killed an orb of fire
 87721 | Zot:5    | Noticed an ancient lich
 87730 | Zot:5    | Killed an ancient lich
 87739 | Zot:5    | Noticed a dread lich
 87746 | Zot:5    | Killed a dread lich
 87750 | Zot:5    | Reached skill level 27 in Shields
 87937 | Zot:5    | Got the Orb of Zot
 88094 | Depths:4 | Noticed Goegher the pandemonium lord
 88098 | Depths:4 | Killed Goegher the pandemonium lord
 88201 | Depths:1 | Noticed Saacvaz the pandemonium lord
 88388 | D:7      | Noticed Ruoppyt the pandemonium lord
 88389 | D:7      | Reached skill level 27 in Armour
 88569 | D:$      | Escaped with the Orb!

Illustrated notes

Levels and vault maps discovered:
D:1:      evilmike_arrival_crescent, layout_rooms, roderic_serpentine_path
D:2:      layout_loops_ring, uniq_terence
D:3:      layout_rooms, minmay_tree_intersection, uniq_grinder, uniq_ijyb
D:4:      layout_loops_ring, nicolae_qazlal_scattered_showers, uniq_natasha,
          uniq_robin, uniq_pikel, uniq_crazy_yiuf_cottage, uniq_menkaure
D:5:      layout_basic, amcnicky_altar_gilded,
          nicolae_overflow_quartered_altars, kennysheep_mini_moat,
          minmay_temple_entry_purple_smoke
D:6:      layout_loops_ring, gammafunk_temple_overflow_arena,
          hellmonk_okawaru_the_only_friend_you_need,
          mainiacjoe_overflow_catwalk, serial_undead, serial_undead_a,
          serial_undead_f, serial_undead_c, serial_undead_c, serial_shops, shop,
          minmay_unpleasant_kobolds
D:7:      layout_basic, serial_shops, shop
D:8:      layout_loops_ring, nicolae_hepliaklqana_hazy_memory, enter_bailey_5,
          uniq_jeremiah
D:9:      layout_basic, marbit_many_paths,
          kennysheep_orc_monster_closet_entryway, st_stairs_13,
          roderic_lattice_a
D:10:     kennysheep_town, uniq_urug
D:11:     layout_long_grid, nicolae_trove_entry_crystal,
          eat_drink_and_be_merry_uskayaw
D:12:     layout_gridville, serial_bayou, serial_bayou_lake_a,
          serial_bayou_pond_d, serial_bayou_pond_b, serial_bayou_pond_a,
          minivault_12, uniq_lodul
D:13:     layout_roguey, serial_shops, nicolae_stop_n_shop_1
D:14:     layout_stronghold, ximxim_vaults_locker_room, serial_shops, shop,
          shop, shop, nicolae_shop_trees, shop, tso_altar
D:15:     gammafunk_depths_entry_grave, layout_gridville, serial_bayou_ford_a
Temple:   nicolae_temple_ecumenical_triangle
Lair:1:   layout_layer_cave, gammafunk_ghost_arena,
          chequers_serial_rivers_micro_a, beast_lair_carwin_6
Lair:2:   layout_gridlike, minmay_snake_entry_six_corridors, grunt_megastairs_1,
          lemuel_fruit_fields
Lair:3:   layout_regular_city, skrybe_swamp_entry_bodies,
          gammafunk_lair_bear_cave, lemuel_fruit_tree
Lair:4:   layout_gridlike, serial_bayou_shore_b, lemuel_fruit_fields
Lair:5:   grunt_lair_end_beastmaster, layout_hall_layers, slime_entry_1,
          pdpol_lair_neglected_garden, st_stairs_13
Swamp:1:  layout_basic_swamp, portal_ice_cave_entry_pillars_2,
          hangedman_swamp_blocks, nicolae_swamp_decorative_isthmus,
          infiniplex_staircase_pool
Swamp:2:  layout_basic_swamp, evilmike_swamp_ruin_house_6, swamp_pool_1_2
Swamp:3:  layout_basic_swamp, evilmike_swamp_ruin_house_2, uniq_roxanne
Swamp:4:  swamp, layout_basic_swamp, gammafunk_ghost_necromancy, uniq_mara
Snake:1:  layout_onion, chequers_hall_statues_corner_a
Snake:2:  layout_cave_town, nicolae_snake_gridmaze_zigzag
Snake:3:  layout_onion, hangedman_snake_pattern, minmay_shop_star
Snake:4:  grunt_snake_rune_pools, layout_cave_town, serial_shops, shop, shop,
          shop, serial_bayou, serial_bayou_shore_a, serial_bayou_shore_b,
          serial_bayou_pond_e, serial_bayou_pond_d,
          nicolae_shop_sticking_my_neck_out
Slime:1:  layout_caves
Slime:2:  layout_caves, nicolae_slime_barrier, nicolae_slime_round_cave
Slime:3:  layout_caves
Slime:4:  layout_caves
Slime:5:  slime_pit_nicolae_trefoil
Orc:1:    layout_caves, regret_index_minedec_devilstone, uniq_erolcha
Orc:2:    kennysheep_orc_mage_school, layout_diamond_mine, basic_altar,
          serial_shops, nicolae_shop_tiny_real_fake_doors, shop,
          nicolae_shop_real_fake_doors
Elf:1:    nicolae_elf_arrival_fired_up, layout_gridlike, guppyfry_elf_altar,
          uniq_zenata
Elf:2:    elven_hall_of_blades_hangedman_alternative
          [nicolae_blade_entry_splitting_headache], layout_geoelf_grid,
          nicolae_shop_unique_rings
Elf:3:    minmay_elf_hall_statues, layout_geoelf_castle
Vaults:1: infiniplex_enter_wizlab_glasses, v_misc_17, ontoclasm_vaults_gallery,
          nicolae_vaults_wine_cellar, lightli_orcish_oven,
          vaults_dpeg_encased_lava, vaults_dpeg_ring,
          vaults_dpeg_emergency_exit, nicolae_vaults_trapezoid_1,
          layout_vaults_omnigrid, serial_shops, shop
Vaults:2: vaults_room_fours, minmay_crypt_entry_simple_box, v_misc_8,
          nicolae_vaults_house_2, vaults_room_corners,
          nicolae_vaults_library_corner, ontoclasm_vaults_hangar,
          ontoclasm_vaults_ring_small, nicolae_vaults_network_periphery,
          v_pattern_3, hangedman_vaults_cutoff, ontoclasm_vaults_ligature,
          nicolae_vaults_storage_closets_2, nicolae_vaults_diamond_2,
          layout_vaults_omnicross, uniq_frederick, uniq_saint_roka
Vaults:3: gammafunk_ghost_cemetery, v_misc_4, vaults_room_pools,
          nicolae_vaults_ninety_degrees, nicolae_vaults_storage_closets_3,
          nicolae_vaults_holding_cells, vaults_room_door_ring,
          nicolae_vaults_tangram_1, nicolae_vaults_border_crossing,
          nicolae_vaults_sesquioval_fish, hangedman_vaults_maws,
          serial_library_hellmonk_open_square, layout_vaults_maze_snakey,
          serial_shops, nicolae_shop_mannequins, uniq_bai_suzhen, uniq_sojobo,
          uniq_mennas
Vaults:4: ontoclasm_vaults_loading_screen, nicolae_vaults_six-pack,
          nicolae_vaults_more_shelving_2, nicolae_vaults_heart-shaped_vault,
          vaults_dpeg_hooks, nicolae_vaults_storage_closets_1,
          nicolae_vaults_double_plus_3, nicolae_vaults_what_the_h,
          vaults_room_boxed, nicolae_vaults_trapezoid_lopsided_4,
          nicolae_vaults_little_ls, serial_library_hellmonk_semicircle,
          layout_vaults_omnibox, serial_shops, nicolae_shop_gibbet_a_chance,
          shop, nicolae_book_shop_shelving, shop, nicolae_shop_behind_doors
Vaults:5: uniq_jory
Crypt:1:  layout_basic, nicolae_crypt_smalloseum,
          roderic_lattice_octagonal_star, lemuel_upstairs_altar
Crypt:2:  layout_misc_corridors, grunt_megastairs_2
Crypt:3:  lightli_unholy_cathedral, layout_chaotic_city,
          ebering_ghost_reflecting_pool, serial_sigils_hangedman_carve,
          eino_tiny_chamber
Tomb:1
Tomb:2
Tomb:3
Depths:1: layout_cave_shapes, grunt_metal_band, zin_academy, grunt_megastairs_3,
          minmay_shoptagon
Depths:2: nzn_winding_woodlands_medium [nzn_winding_woodlands_5x5_perimeter,
          nzn_winding_woodlands_5x15_eye, nzn_winding_woodlands_5x5_open_star,
          nzn_winding_woodlands_5x5_default,
          nzn_winding_woodlands_center_diamonds,
          nzn_winding_woodlands_5x5_three,
          nzn_winding_woodlands_5x5_checkerboard,
          nzn_winding_woodlands_5x15_crooked, nzn_winding_woodlands_5x5_cross],
          layout_gridlike, enter_ziggurat_a, pan_entry, hell_entry,
          abyss_entry_small_statue_room, nicolae_two_hexagons,
          kennysheep_generic_room_15
Depths:3: kennysheep_large_spiral, layout_cave_pools, grunt_hell_entry_dis_old,
          minmay_fountain_box, abyss_entry_crystal, lemuel_blue_sif_altar,
          minmay_shop_grove, serial_bayou_shore_b
Depths:4: grunt_zot_entry_bicorn, layout_gridlike,
          nicolae_dithmenos_shadow_blocks, hell_entry,
          hangedman_abyss_entry_splay, minmay_alternating_orb, uniq_grunn
Hell
Dis:1:    layout_gridville
Dis:2:    layout_regular_city
Dis:3:    layout_jigsaw, nicolae_dis_metal_dragon_surprise
Dis:4:    layout_gridville
Dis:5:    layout_gridville
Dis:6:    layout_subdivisions
Dis:7:    dis_grunt_layers
Geh:1:    layout_gehenna_pools_basic
Geh:2:    layout_gehenna_lava_caves
Geh:3:    layout_gehenna_pools_triple, nicolae_geh_fiery_graves
          [nicolae_geh_single_fiery_grave, nicolae_geh_single_fiery_grave,
          nicolae_geh_single_fiery_grave, nicolae_geh_single_fiery_grave,
          nicolae_geh_single_fiery_grave, nicolae_geh_single_fiery_grave,
          nicolae_geh_single_fiery_grave, nicolae_geh_single_fiery_grave,
          nicolae_geh_single_fiery_grave]
Geh:4:    layout_gehenna_lava_caves
Geh:5:    layout_gehenna_pools_triple, nicolae_geh_lava_shack
Geh:6:    layout_gehenna_lava_caves
Geh:7:    geh_hangedman
Coc:1:    layout_ice_bergs
Coc:2:    layout_cocytus_water_paths
Coc:3:    layout_cocytus_delve, nicolae_coc_wendigon
Coc:4:    layout_cocytus_water_paths
Coc:5:    layout_ice_bergs
Coc:6:    layout_ice_bergs
Coc:7:    coc_hangedman
Tar:1:    layout_catacombs
Tar:2:    layout_catacombs
Tar:3:    nicolae_tar_honey_stairs, layout_cathedral_of_symmetry
Tar:4:    layout_grid_maze, nicolae_tar_cuneiform_heaven
Tar:5:    layout_grid_maze, amcnicky_altar_lugonu_corruption
Tar:6:    layout_grid_maze
Tar:7:    tar_minmay_river
Zot:1:    layout_cellular_growth
Zot:2:    layout_cathedral_of_symmetry, hangedman_zot_wheel_spokes,
          hangedman_elemental_grid_stream, lemuel_elevator
Zot:3:    kennysheep_oblong_rooms, layout_misc_corridors
Zot:4:    gammafunk_dig_for_victory, layout_misc_corridors,
          nicolae_diode_quadrants
Zot:5:    layout_basic, gammafunk_ghost_wrathful_warriors

Skill      XL: |  1  2  3  4  5  6  7  8  9 10 11 12 13 14 15 16 17 18 19 20 21 22 23 24 25 26 27 |
---------------+----------------------------------------------------------------------------------+-----
Fighting       | 2 3 5 8 9 10 11 12 13 14 15 16 18 19 20 27 | 27.0
Unarmed Combat | 4 5 6 7 8 10 12 14 15 16 17 18 19 20 27 | 27.0
Shapeshifting  | 5 8 10 12 14 16 17 18 21 23 | 23.0
Dodging        | 2 3 5 6 7 |  7.2
Shields        | 4 6 10 27 | 27.0
Invocations    | 3 5 6 12 13 16 17 20 27 | 27.0
Translocations | 4 12 16 19 22 23 | 23.0
Spellcasting   | 2 |  2.2
Evocations     | 10 | 10.0
Armour         | 27 | 27.0

Action                     |  1- 3 |  4- 6 |  7- 9 | 10-12 | 13-15 | 16-18 | 19-21 | 22-24 | 25-27 || total
---------------------------+-------+-------+-------+-------+-------+-------+-------+-------+-------++-------
  Melee: Unarmed           |   114 |   149 |   370 |   721 |   923 |  1004 |  1167 |  1102 |  5922 || 11472
         Punch             |     1 |     3 |    12 |    20 |       |       |       |       |    10 ||    46
         Constrict         |       |       |       |    32 |   180 |       |       |       |       ||   212
         Kick              |       |       |       |       |       |       |       |     8 |       ||     8
  Throw: Dart              |       |       |       |     9 |       |       |       |       |       ||     9
   Cast: Manifold Assault  |       |       |       |       |       |       |       |   165 |  1562 ||  1727
         Dispersal         |       |       |       |       |       |       |       |     8 |     9 ||    17
         Vhi's Electric Ch |       |       |       |       |       |       |       |       |    17 ||    17
         Apportation       |       |       |       |       |       |       |       |       |     4 ||     4
 Invoke: Upheaval          |       |       |       |     4 |     9 |     6 |     1 |     3 |     1 ||    24
         Disaster Area     |       |       |       |       |       |     8 |     9 |    14 |    44 ||    75
         Elemental Force   |       |       |       |       |       |       |     2 |     1 |     4 ||     7
Ability: Blinkbolt         |       |       |       |       |       |       |       |       |     1 ||     1
  Evoke: Wand              |       |     4 |     5 |    17 |     3 |     1 |     2 |     1 |     8 ||    41
         Sack of spiders   |       |       |       |       |     1 |       |     1 |       |     2 ||     4
         Gell's gravitambo |       |       |       |       |       |       |     2 |     3 |     3 ||     8
         Condenser vane    |       |       |       |       |       |       |       |       |     2 ||     2
    Use: Potion            |     1 |       |       |     1 |       |       |     4 |     9 |    22 ||    37
         Scroll            |       |       |    10 |     9 |     7 |     9 |     4 |     3 |    39 ||    81
   Stab: Petrified         |       |       |       |       |     3 |       |       |       |       ||     3
         Paralysed         |       |       |       |       |       |       |     1 |     1 |       ||     2
         Distracted        |       |       |       |       |       |       |       |       |     7 ||     7
         Confused          |       |       |       |       |       |       |       |       |     1 ||     1
 Armour: Animal skin       |    22 |       |       |       |       |       |       |       |       ||    22
         Skin              |     2 |       |       |   138 |   485 |   882 |   814 |   772 |  1945 ||  5038
         Scale mail        |    47 |   138 |   200 |       |       |       |       |       |       ||   385
         Chain mail        |       |       |    48 |   328 |       |       |       |       |       ||   376
         Gold dragon scale |       |       |       |       |       |       |       |       |   243 ||   243
  Dodge: Dodged            |    57 |    73 |   150 |   334 |   583 |   995 |   866 |   737 |  1591 ||  5386
         Repelled          |       |       |       |    16 |    36 |   132 |    92 |    75 |   200 ||   551
  Block: Other             |       |       |     9 |    58 |   229 |       |       |       |    11 ||   307
         Buckler           |       |       |       |   130 |    70 |   436 |       |       |       ||   636
         Kite shield       |       |       |       |       |       |   808 |  1332 |  1019 |  1267 ||  4426
         Reflection        |       |       |       |       |       |     8 |       |       |       ||     8
         Tower shield      |       |       |       |       |       |       |       |       |  3659 ||  3659
   Form: Beast             |       |       |       |     1 |       |       |       |       |       ||     1
         Flux              |       |       |       |     1 |       |       |       |       |       ||     1
                           |       |       |       |     1 |     1 |       |       |       |     1 ||     3
         Serpent           |       |       |       |     1 |     1 |       |       |       |       ||     2
         Statue            |       |       |       |       |     2 |       |       |       |     1 ||     3
         Storm             |       |       |       |       |       |       |       |       |     1 ||     1
         Death             |       |       |       |       |       |       |       |       |     2 ||     2

Table legend: (Time is in decaauts)
 A = Elapsed time spent in this place.
 B = Non-inter-level travel time spent in this place.
 C = Inter-level travel time spent in this place.
 D = Time resting spent in this place.
 E = Time spent auto-exploring this place.
 F = Levels seen in this place.
 G = Mean time per level.
                   A        B        C        D        E       F      G
               +--------+--------+--------+--------+--------+-----+--------+
         Total | 109776 |  90994 |  18782 |   9837 |  54645 | 114 |  962.9 |
       Dungeon |  25674 |  19964 |   5710 |   3869 |  11887 |  15 | 1711.6 |
        Temple |      1 |      1 |      0 |      0 |      0 |   1 |    1.0 |
          Lair |   9047 |   6733 |   2314 |    641 |   4677 |   5 | 1809.4 |
         Swamp |   4687 |   4014 |    673 |    490 |   2564 |   4 | 1171.8 |
     Snake Pit |   6747 |   6209 |    538 |    322 |   4403 |   4 | 1686.8 |
    Slime Pits |   1823 |   1713 |    110 |    365 |    507 |   5 |  364.6 |
  Orcish Mines |   3028 |   1795 |   1233 |      5 |   1371 |   2 | 1514.0 |
   Elven Halls |   4184 |   3438 |    746 |      0 |   2319 |   3 | 1394.7 |
        Vaults |  12129 |   9396 |   2733 |    572 |   5991 |   5 | 2425.8 |
         Crypt |   4694 |   3755 |    939 |    231 |   2600 |   3 | 1564.7 |
          Tomb |   2442 |   2095 |    347 |    113 |   1409 |   3 |  814.0 |
        Depths |   7247 |   5802 |   1445 |    165 |   4079 |   4 | 1811.8 |
          Hell |   1220 |    863 |    357 |      0 |    630 |   1 | 1220.0 |
           Dis |   1023 |    936 |     87 |    162 |    209 |   7 |  146.1 |
       Gehenna |   2992 |   2688 |    304 |    474 |   1110 |   7 |  427.4 |
       Cocytus |   1076 |    988 |     88 |    164 |    138 |   7 |  153.7 |
      Tartarus |   4149 |   3954 |    195 |    262 |   2539 |   7 |  592.7 |
           Zot |   6764 |   5809 |    955 |    276 |   4377 |   5 | 1352.8 |
         Abyss |    333 |    333 |      0 |      0 |     37 |   2 |  166.5 |
   Pandemonium |   8824 |   8824 |      0 |    776 |   3614 |  21 |  420.2 |
        Bailey |    661 |    661 |      0 |    446 |      0 |   1 |  661.0 |
      Ice Cave |    759 |    759 |      0 |    294 |    175 |   1 |  759.0 |
        Wizlab |    263 |    263 |      0 |    205 |      3 |   1 |  263.0 |
               +--------+--------+--------+--------+--------+-----+--------+

Top non-repeatable levels by time:
    D:10: 3833 daAuts
Vaults:2: 3157 daAuts
Vaults:1: 2966 daAuts
   Tar:7: 2826 daAuts
     D:8: 2386 daAuts
     D:9: 2370 daAuts
  Lair:1: 2365 daAuts
Vaults:5: 2283 daAuts
    D:14: 2261 daAuts
   Elf:3: 2253 daAuts
  Lair:5: 2089 daAuts
Depths:2: 2061 daAuts
    D:15: 2040 daAuts
   Orc:2: 2033 daAuts
 Snake:4: 1995 daAuts
